 Dungeon Crawl Stone Soup version 0.31.0-1-g2c135a0 (webtiles) character file.

Game seed: 13682786865747680816

24730098 nonaganolife the Archmage (level 27, 295/295 HPs)
             Began as a Naga Alchemist on Jan 21, 2024.
             Was the Champion of Vehumet.
             Escaped with the Orb
             ... and 15 runes
             ... and 2 gems on Jan 22, 2024!
             The game lasted 08:25:51 (61292 turns).

nonaganolife the Archmage (Naga Alchemist)         Turns: 61292, Time: 08:25:51

Health: 295/295    AC: 29    Str: 13    XL:     27
Magic:  53/54      EV: 13    Int: 45    God:    Vehumet [******]
Gold:   7033       SH:  9    Dex: 14    Spells: 2/80 levels left

rFire   + + +        L - staff "Ris Ufed" {*Corrode ^Fragile rN+++ Int+4 Conj}
rCold   + + .        X - +3 buckler {AC+3}
rNeg    + + +        S - +3 troll leather armour "Icwal" {rC+ Regen+ Int+5 Slay-3}
rPois   +            P - +2 helmet {Int+3}
rElec   +            s - scarf {rC+ rF+}
rCorr   .            u - +2 pair of gloves
SInv    +            m - +1 barding "Earthly Heaven" {rN+ Dex+4 Stlth+}
Will    +++++        E - amulet of magic regeneration
Stlth   ++           y - ring of Wu Jian's Pride {rElec rF+}
HPRegen 1.49/turn    D - ring "Paosaa" {rF+ Will+}
MPRegen 0.74/turn

%: corrode self (3%)
@: enlightened, flying, studying 3 skills, very slow
A: AC +9, large, see invisible, deformed body, poison resistance, slowness 2,
spit poison 1, naga tail 2, clever 1, strong 1
0: Orb of Zot
}: 15/15 runes: decaying, serpentine, slimy, silver, golden, iron, obsidian,
icy, bone, abyssal, demonic, glowing, magical, fiery, dark
a: Spit Poison, Renounce Religion


You escaped.
You worshipped Vehumet.
Vehumet was exalted by your worship.
You visited 18 branches of the dungeon, and saw 86 of its levels.
You visited Pandemonium 1 time, and saw 13 of its levels.
You visited the Abyss 1 time.
You visited 1 ziggurat, and saw 15 of its levels.
You also visited: Trove, Gauntlet, Ice Cave and Desolation.

You collected 11957 gold pieces.
You spent 4924 gold pieces at shops.

Inventory:

Missiles
 r - 5 curare-tipped darts
 O - 6 throwing nets
Armour
 m - the +1 barding "Earthly Heaven" (worn) {rN+ Dex+4 Stlth+}
   (You found it in a Gauntlet)

   Dex+4:     It affects your dexterity (+4).
   rN+:       It protects you from negative energy.
   Stlth+:    It makes you more stealthy.
 s - a scarf of resistance (worn)
 u - a +2 pair of gloves (worn)
 P - a +2 helmet of intelligence (worn)
 S - the +3 troll leather armour "Icwal" (worn) {rC+ Regen+ Int+5 Slay-3}
   (You found it in the Desolation of Salt)

   Int+5:     It affects your intelligence (+5).
   Slay-3:    It affects your accuracy & damage with ranged weapons and melee
   (-3).
   rC+:       It protects you from cold.
   Regen+:    It increases your rate of health regeneration.
 X - a +3 buckler of protection (worn)
Magical Staves
 i - the staff "Routhozae" {rN+ Dex-4 Summ Necro Earth}
   (You found it on level 4 of a ziggurat)

   [staff of death]

   Base accuracy: +5 Base damage: 5 Base attack delay: 1.2 This weapon's minimum
   attack delay (0.6) is reached at skill level 12.
   Dex-4:     It affects your dexterity (-4).
   rN+:       It protects you from negative energy.
   Summ:      It increases the power of your Summonings spells.
   Necro:     It increases the power of your Necromancy spells.
   Earth:     It increases the power of your Earth spells.
   It falls into the 'Staves' category.
   It is a one-handed weapon.
 L - the staff "Ris Ufed" (weapon) {*Corrode ^Fragile rN+++ Int+4 Conj}
   (You found it on level 3 of the Elven Halls)

   [staff of conjuration]

   Base accuracy: +5 Base damage: 5 Base attack delay: 1.2 This weapon's minimum
   attack delay (0.6) is reached at skill level 12.
   Int+4:     It affects your intelligence (+4).
   rN+++:     It renders you almost immune to negative energy.
   *Corrode:  It may corrode you when you take damage.
   ^Fragile:  It will be destroyed if unequipped.
   Conj:      It increases the power of your Conjurations spells.
   It falls into the 'Staves' category.
   It is a one-handed weapon.
 R - the staff of Vyedayl {rF+ Will- Int+3 Fire Air}
   (You found it on level 9 of a ziggurat)

   [staff of fire]

   Base accuracy: +5 Base damage: 5 Base attack delay: 1.2 This weapon's minimum
   attack delay (0.6) is reached at skill level 12.
   Int+3:     It affects your intelligence (+3).
   rF+:       It protects you from fire.
   Will-:     It decreases your willpower.
   Fire:      It increases the power of your Fire spells.
   Air:       It increases the power of your Air spells.
   It falls into the 'Staves' category.
   It is a one-handed weapon.
Jewellery
 d - the dreamshard necklace {Acrobat *Dream}
   (You found it on level 5 of the Pits of Slime)

   [amulet of the acrobat]

   *Dream:    It absorbs a single lethal wound into itself, holding its wearer
   just short of death and releasing dream-creatures to guard them.
   Acrobat:   It increases your evasion while moving and waiting.
 y - the ring of Wu Jian's Pride (left hand) {rElec rF+}
   (You took it off a deep elf high priest on level 3 of the Elven Halls)

   [ring of protection from fire]

   rF+:       It protects you from fire.
   rElec:     It insulates you from electricity.
 D - the ring "Paosaa" (right hand) {rF+ Will+}
   (You took it off a death knight on level 15 of the Dungeon)

   [ring of protection from fire]

   rF+:       It protects you from fire.
   Will+:     It increases your willpower.
 E - an amulet of magic regeneration (around neck)
 K - the ring "Nazaezxy" {Wiz Fly rElec rN+ Will-}
   (You found it on level 7 of a ziggurat)

   [ring of wizardry]

   Wiz:       It improves your spell success rate.
   rElec:     It insulates you from electricity.
   rN+:       It protects you from negative energy.
   Will-:     It decreases your willpower.
   Fly:       It grants you flight.
 Y - the ring "Besm" {MP+9 Int+2}
   (You took it off a yaktaur on level 15 of the Dungeon)

   [ring of magical power]

   Int+2:     It affects your intelligence (+2).
   MP+9:      It affects your magic capacity (+9).
Wands
 j - a wand of iceblast (104)
 q - a wand of digging (36)
 G - a wand of charming (102)
 J - a wand of acid (56)
Scrolls
 c - 24 scrolls of teleportation
 f - 12 scrolls of vulnerability
 n - 8 scrolls of fear
 o - 9 scrolls of immolation
 v - 4 scrolls of amnesia
 A - 4 scrolls of butterflies
 F - 12 scrolls of fog
 M - 6 scrolls of blinking
 N - 19 scrolls of enchant armour
 U - 13 scrolls of poison
Potions
 a - 5 potions of cancellation
 b - 3 potions of magic
 e - 2 potions of ambrosia
 g - 10 potions of heal wounds
 h - 6 potions of lignification
 l - 13 potions of resistance
 p - 9 potions of invisibility
 w - 6 potions of haste
 z - 8 potions of might
 C - 8 potions of enlightenment
 H - 28 potions of curing
 Q - 13 potions of mutation
 V - 3 potions of brilliance
Miscellaneous
 k - a figurine of a ziggurat
 t - a tin of tremorstones (2/2)
 x - a phantom mirror
 T - a sack of spiders
 W - a phial of floods


   Skills:
 + Level 26.4 Fighting
 - Level 6.0 Armour
 - Level 15.0 Dodging
 - Level 10.0 Stealth
 - Level 8.0 Shields
 O Level 27 Spellcasting
 + Level 25.3 Conjurations
 - Level 5.0 Hexes
 - Level 6.0 Summonings
 - Level 18.6 Necromancy
 - Level 15.7 Translocations
 - Level 21.2 Fire Magic
 - Level 3.0 Ice Magic
 - Level 19.0 Air Magic
 - Level 22.6 Earth Magic
 - Level 7.5 Alchemy
 - Level 15.0 Evocations


You had 2 spell levels left.
You knew the following spells:

 Your Spells              Type           Power      Damage    Failure   Level
a - Apportation           Tloc           100%       N/A       0%          1
b - Chain Lightning       Conj/Air       78%        3d104     1%          9
c - Shatter               Erth           66%        3d49*     1%          9
d - Fire Storm            Conj/Fire      79%        8d20      1%          9
e - Ignition              Fire           64%        3d17      1%          8
f - Passage of Golubria   Tloc           100%       N/A       0%          4
g - Death Channel         Necr           61%        N/A       1%          6
h - Yara's Violent Unrav  Hex/Alch       43%        3d17      1%          5
i - Irradiate             Conj/Alch      71%        3d35      0%          5
j - Passwall              Erth           100%       N/A       0%          3
k - Spellforged Servitor  Conj/Summ      70%        N/A       1%          7
l - Lehudib's Crystal Sp  Conj/Erth      80%        10d18     1%          8
t - Sublimation of Blood  Necr           100%       N/A       0%          2
P - Blink                 Tloc           100%       N/A       0%          2

Your spell library contained the following spells:

 Spells                   Type           Power      Damage    Failure   Level
 Foxfire                  Conj/Fire      100%       2x1d9     0%          1
 Magic Dart               Conj           100%       1d8       0%          1
 Necrotise                Necr           100%       1d9       0%          1
 Sandblast                Erth           100%       2d20      0%          1
 Shock                    Conj/Air       100%       1d9       0%          1
 Sting                    Conj/Alch      100%       1d9       0%          1
 Cigotuvi's Dreadful Rot  Necr/Alch/Air  100%       N/A       0%          2
 Lesser Beckoning         Tloc           100%       N/A       0%          2
 Mercury Vapours          Alch/Air       100%       N/A       0%          2
 Momentum Strike          Conj/Tloc      100%       3d10      0%          2
 Scorch                   Fire           100%       2d9       0%          2
 Static Discharge         Conj/Air       100%       3-8/arc   0%          2
 Call Imp                 Summ           100%       N/A       1%          2
 Ensorcelled Hibernation  Hex/Ice        100%       N/A       1%          2
 Jinxbite                 Hex            100%       N/A       1%          2
 Fugue of the Fallen      Necr           100%       N/A       0%          3
 Gell's Gravitas          Tloc           100%       N/A       0%          3
 Inner Flame              Hex/Fire       100%       N/A       0%          3
 Mephitic Cloud           Conj/Alch/Air  100%       N/A       0%          3
 Stone Arrow              Conj/Erth      100%       3d13      0%          3
 Swiftness                Air            100%       N/A       0%          3
 Teleport Other           Tloc           100%       N/A       0%          3
 Vampiric Draining        Necr           100%       2d13      0%          3
 Volatile Blastmotes      Fire/Tloc      100%       2d18      0%          3
 Airstrike                Air            62%        2d(9-25)  0%          4
 Animate Armour           Summ/Erth      100%       N/A       0%          4
 Animate Dead             Necr           100%       N/A       0%          4
 Brom's Barrelling Bould  Conj/Erth      100%       2d11      0%          4
 Dispel Undead            Necr           100%       3d31      0%          4
 Flame Wave               Conj/Fire      100%       2d21      0%          4
 Fulminant Prism          Conj/Alch      71%        3d30      0%          4
 Ignite Poison            Fire/Alch      100%       N/A       0%          4
 Iskenderun's Mystic Bla  Conj/Tloc      100%       2d19      0%          4
 Leda's Liquefaction      Alch/Erth      57%        N/A       0%          4
 Manifold Assault         Tloc           100%       N/A       0%          4
 Sticky Flame             Fire/Alch      100%       2d15      0%          4
 Summon Blazeheart Golem  Fire/Summ      100%       N/A       0%          4
 Vhi's Electric Charge    Tloc/Air       100%       N/A       0%          4
 Arcjolt                  Conj/Air       78%        1d88      0%          5
 Borgnjor's Vile Clutch   Necr/Erth      64%        N/A       0%          5
 Curse of Agony           Necr           100%       N/A       0%          5
 Freezing Cloud           Conj/Ice/Air   70%        6-21      0%          5
 Iskenderun's Battlesphe  Conj           100%       2d15      0%          5
 Bombard                  Conj/Erth      80%        9d13      0%          6
 Conjure Ball Lightning   Conj/Air       78%        3x3d30    0%          6
 Plasma Beam              Fire/Air       63%        2x1d79    0%          6
 Starburst                Conj/Fire      79%        6d20      0%          6
 Orb of Destruction       Conj           81%        9d18      0%          7
 Ozocubu's Armour         Ice            73%        N/A       1%          3
 Summon Ice Beast         Ice/Summ       79%        N/A       1%          3
 Tukima's Dance           Hex            81%        N/A       1%          3
 Anguish                  Hex/Necr       52%        N/A       1%          4
 Cause Fear               Hex            40%        N/A       1%          4
 Dimensional Bullseye     Hex/Tloc       50%        N/A       1%          4
 Martyr's Knell           Necr/Summ      100%       N/A       1%          4
 Olgreb's Toxic Radiance  Alch           91%        N/A       1%          4
 Summon Lightning Spire   Summ/Air       100%       N/A       1%          4
 Alistair's Intoxication  Alch           60%        N/A       1%          5
 Metabolic Englaciation   Hex/Ice        38%        N/A       1%          5
 Summon Forest            Summ/Tloc      51%        N/A       1%          5
 Summon Mana Viper        Hex/Summ       84%        N/A       1%          5
 Dispersal                Tloc           58%        N/A       1%          6
 Eringya's Noxious Bog    Alch           45%        4d6       1%          6
 Haunt                    Necr/Summ      53%        N/A       1%          7
 Borgnjor's Revivificati  Necr           61%        N/A       1%          8
 Infestation              Necr           61%        N/A       1%          8
 Maxwell's Capacitive Co  Air            62%        ∞         1%          8
 Malign Gateway           Summ/Tloc      51%        N/A       3%          7
 Disjunction              Tloc           58%        N/A       3%          8
 Summon Cactus Giant      Summ           43%        N/A       4%          6
 Sculpt Simulacrum        Ice/Alch       41%        N/A       6%          6
 Death's Door             Necr           61%        N/A       17%         9
 Monstrous Menagerie      Summ           43%        N/A       24%         7
 Summon Hydra             Summ           43%        N/A       24%         7
 Enfeeble                 Hex            40%        N/A       36%         7
 Summon Horrible Things   Summ           43%        N/A       88%         8
 Discord                  Hex            40%        N/A       96%         8
 Polar Vortex             Ice            36%        12d4*     100%        9


Dungeon Overview and Level Annotations

Branches:
Dungeon (15/15)            Temple (1/1) D:6            Lair (5/5) D:10
  Swamp (4/4) Lair:3        Snake (4/4) Lair:3        Slime (5/5) Lair:4
    Orc (2/2) D:12            Elf (3/3) Orc:2        Vaults (5/5) D:14
  Crypt (3/3) Vaults:3       Tomb (3/3) Crypt:3      Depths (4/4) D:15
   Hell (visited)             Dis (7/7) Hell            Geh (7/7) Hell
    Coc (7/7) Hell            Tar (7/7) Hell            Zot (5/5) Depths:4
  IceCv (visited)         Desolation (visited)      Gauntlet (visited)

Altars:
Ashenzari
Cheibriados
Dithmenos
Elyvilon
Fedhas
Gozag
Hepliaklqana
Kikubaaqudgha
Makhleb
Nemelex Xobeh
Okawaru
Qazlal
Ru
Sif Muna
Trog
Uskayaw
Vehumet
Wu Jian
Xom
Yredelemnul
Zin
The Shining One

Shops:
D:15 *!(   Orc:2 (:[*   Elf:2 [   Elf:3 :   Snake:3 ==:   Vaults:2 ?
Vaults:4 [   Vaults:5 !=   Depths:3 (

Portals:
Hell: Depths:1 Depths:2 Depths:3 Depths:4
Abyss: Depths:2 Depths:3 Depths:4
Pandemonium: Depths:2 Depths:3 Depths:4

Annotations:
D:6 3 runed translucent doors, cpf86's ghost, novice HOFi; ironshield's ghost, novice DsSu
Lair:3 1 runed translucent door, Ceyvaan's ghost, journeyman DEFE
Orc:1 2 transporters, ttag's ghost, journeyman MiBe
Dis:4 6 runed translucent doors


Innate Abilities, Weirdness & Mutations

Your serpentine skin is tough. (AC +9)
You have supernaturally acute eyesight. (SInv)
Armour fits poorly on your strangely shaped body.
Your system is resistant to poisons. (rPois)
You cover ground very slowly.
You can spit poison.
You can use your snake-like lower body to constrict enemies.
Your mind is acute. (Int +4, Str/Dex -1)
Your muscles are strong. (Str +4, Int/Dex -1)


Message History

There is a stone staircase leading up here.
You climb upwards.
There is a stone staircase leading down here.
Unknown command. 4 hell hounds come into view.
The hell hound barks!
The hell hound moves out of view.
There is a stone staircase leading up here.
You climb upwards.
There is a stone staircase leading down here.
Casting: Passwall (safe; 0% risk of failure)
Confirm with . or Enter, or press ? or * to list all spells.
Aiming: Passwall (safe; 0% risk of failure)
Press: ? - help, Dir - move target A rock wall.
This square is covered in magical glow.
You begin to meditate on the wall.
You continue meditating on the rock. x3
Magic restored.
You continue meditating on the rock.
You finish merging with the rock.
Casting: Passwall (safe; 0% risk of failure)
Confirm with . or Enter, or press ? or * to list all spells.
Aiming: Passage of Golubria (safe; 0% risk of failure)
Press: ? - help, Dir - move target 현재 남은 마력은 [51/54] 입니다.
You enter the passage of Golubria.
There is a passage of Golubria here.
Unknown command.
Casting: Passage of Golubria (safe; 0% risk of failure)
Confirm with . or Enter, or press ? or * to list all spells.
Aiming: Passage of Golubria (safe; 0% risk of failure)
Press: ? - help, Dir - move target 현재 남은 마력은 [48/54] 입니다.
You enter the passage of Golubria.
Why would you want to do that?
You feel very buoyant.
You fly up into the air.
A lorocyproca comes into view.
There is a staircase leading out of the dungeon here.
You have escaped!

############ ###..........#
##.#.#.#.####.# #.#.#.#.#.# #.#
##.#.#.#.####.#
#########.#.#.#.#..##.#
#........#.≈≈≈≈~.#....#######
#.#######.#≈...~#.###)....... #.#
##.≈@..~.## ########. #†#
#.#≈...~#.# #. #####.#
###^≈≈≈≈~.### #. #.....#
####>.#2#.#.#..# ##
#.....###..^.#)#.#.#.#.##########
#.............#.#.#.#............
#.....###.##.#.#.#.#.############
#.....# #.##.#.#.##############..
###.#.# #.##.#.#................#


You could see a lorocyproca (invisible).

Vanquished Creatures
  Cerebov (Pan)
  Antaeus (Coc:7)
  5 pandemonium lords
  Asmodeus (Geh:7)
  the Royal Jelly (Slime:5)
  Ereshkigal (Tar:7)
  Mnoleg (Pan)
  Gloorx Vloq (Pan)
  Lom Lobon (Pan)
  the Serpent of Hell (Coc:7)
  7 dread liches
  Dispater (Dis:7)
  Khufu (Tomb:3)
  Mara (Swamp:3)
  5 ancient liches
  Mennas (Vaults:3)
  A juggernaut (Dis:7)
  2 orbs of fire (Zot:5)
  26 royal mummies
  Parghit (Depths:3)
  Vv (Crypt:3)
  Bai Suzhen (Crypt:1)
  Boris (twice) (Crypt:1 Tomb:3)
  Xtahua (Depths:3)
  8 Killer Klowns
  Geryon (Hell)
  2 shard shrikes (Coc:5)
  31 caustic shrikes
  The ghost of december12 the Tengu Blade, a veteran TeDe of Cheibriados (Vaults:4)
  3 curse toes (Zot:5)
  6 golden dragons
  the Enchantress (Depths:3)
  8 bone dragons
  Norris (Elf:2)
  9 profane servitors
  14 doom hounds
  8 iron giants
  9 Tzitzimimeh
  4 electric golems
  10 Brimstone Fiends
  3 spectral shard shrikes
  Rupert (Snake:1)
  14 tentacled monstrosities
  7 hellephants
  16 Ice Fiends
  Jorgrun (D:15)
  25 Orb Guardians
  Grunn (Depths:2)
  11 tainted leviathans
  Mlioglotl (Snake:1)
  10 liches
  18 Hell Sentinels
  15 searing wretches
  15 titans
  2 deep elf master archers (Elf:3)
  19 acid blobs
  6 quicksilver dragons
  9 sphinxes
  30 ancient champions
  3 death cobs
  21 Executioners
  8 tentacled starspawn
  8 shadow dragons
  9 storm dragons
  A storm dragon (shapeshifter) (Zig:3)
  9 tengu reavers
  12 rockslimes
  20 protean progenitors
  Aizul (Snake:1)
  9 nagarajas
  Donald (Vaults:4)
  4 revenants
  3 fenstrider witches
  4 demonspawn warmongers (Pan)
  A draconian knight (Depths:4)
  18 fire giants
  16 azure jellies
  A daeva (Abyss:2)
  4 draconian monks
  17 narguns
  12 quicksilver elementals
  9 iron dragons
  A spectral juggernaut (Tar:2)
  2 imperial myrmidons (Desolation)
  4 draconian scorchers
  32 balrugs
  A draconian shifter (Zot:1)
  16 vault wardens
  3 ghost moths
  13 frost giants
  4 deep elf sorcerers
  3 orc warlords
  6 shard shrike simulacra
  5 curse skulls
  A deep elf elementalist (Elf:3)
  Louise (Swamp:3)
  A spectral caustic shrike (Tar:1)
  18 reapers
  An angel (D:10)
  15 cacodemons
  A draconian stormcaller (Zot:1)
  3 demonspawn blood saints (Pan)
  7 demonspawn corrupters
  3 ghouls
  5 formless jellyfish
  5 spriggan defenders
  A stone giant (shapeshifter) (Zig:7)
  6 draconian annihilators
  3 juggernaut skeletons (Pan)
  18 very ugly things
  7 vampire knights
  12 stone giants
  A caustic shrike skeleton (Pan)
  6 ironbound thunderhulks
  20 ironbound preservers
  A broodmother (Zot:5)
  12 quicksilver oozes
  15 elemental wellsprings
  12 demonspawn black suns
  4 green draconians
  12 lorocyprocas
  An eleionoma (shapeshifter) (Zig:3)
  9 deep elf annihilators
  5 white draconians
  2 eleionomae
  7 dire elephants
  7 bennus
  7 putrid mouths
  5 spark wasps
  13 deep elf death magi
  Azrael (D:15)
  12 wendigos
  2 deep elf demonologists (Elf:3)
  4 black draconians
  5 bunyips
  2 red draconians
  7 purple draconians
  4 halazid warlocks
  21 war gargoyles
  A minotaur (Gauntlet)
  3 yellow draconians
  A spectral titan (Tar:2)
  A crystal guardian (Hell)
  27 mummy priests
  4 eidola
  15 blizzard demons
  5 fire dragons
  2 entropy weavers
  23 iron golems
  2 merfolk javelineers (Zig:13)
  A ragged hierophant (Desolation)
  2 merfolk impalers (Zig:13)
  11 jiangshi
  A spectral spriggan (Tar:5)
  11 ettins
  A kraken zombie (Hell)
  A shambling mangrove (Zig:10)
  7 deep elf high priests
  9 green deaths (Pan)
  17 yaktaur captains
  16 great orbs of eyes
  6 rakshasas
  4 ogre magi
  4 servants of whispers
  8 ice dragons
  A spriggan zombie (Crypt:3)
  40 vault guards
  A jorogumo (Pan)
  Fannar (D:11)
  10 salamander tyrants
  7 peacekeepers
  9 caustic shrike simulacra
  A ghost crab (Zig:10)
  3 hell beasts (Pan)
  A catoblepas (Lair:1)
  5 spriggan air magi
  3 spriggan skeletons
  A fenstrider witch skeleton (Crypt:2)
  3 alligators
  15 hydras
  19 stokers
  13 centaur warriors
  5 boulder beetles
  4 death knights
  9 juggernaut simulacra
  11 two-headed ogres
  95 death scarabs
  6 ironbound frosthearts
  2 spectral stone giants
  10 anacondas
  8 deep troll shamans
  24 dancing weapons
  2 satyrs (Zot:5)
  14 naga warriors
  6 tengu warriors
  5 death yaks (IceCv)
  4 merfolk aquamancers (Zig:13)
  A titan zombie (Crypt:3)
  8 deep troll earth magi
  3 thrashing horrors (Zig:15)
  25 hell hogs
  12 vampire magi
  A demonic crawler (Hell)
  9 naga sharpshooters
  9 shock serpents
  5 spriggan berserkers
  8 hell knights (Crypt:3)
  Sonja (Orc:1)
  14 deep elf knights
  A titan skeleton (Crypt:1)
  4 salamander mystics
  A spectral storm dragon (Tar:1)
  10 crystal echidnas
  34 sun demons
  14 sixfirhies
  8 orc high priests
  25 soul eaters
  3 hellephant skeletons (Pan)
  An emperor scorpion zombie (Crypt:2)
  3 skysharks
  14 shadow wraiths
  46 skeletal warriors
  2 storm dragon skeletons
  A bunyip zombie (Abyss:2)
  Lodul (D:12)
  3 iron trolls
  8 wretched stars
  8 glowing orange brains
  An iron giant zombie (Crypt:1)
  5 swamp dragons
  An orb spider (shapeshifter) (Vaults:5)
  62 deep trolls
  2 quicksilver dragon simulacra
  8 goliath frogs
  3 glowing orange brains (shapeshifter)
  3 bog bodies
  3 sea snakes
  8 naga ritualists
  7 mana vipers
  A swamp dragon (shapeshifter) (Zig:12)
  2 anaconda zombies
  7 arcanists
  9 spriggan druids
  14 flayed ghosts
  A sun moth (shapeshifter) (Depths:4)
  5 sun moths (Pan)
  5 spriggan simulacra
  An alligator zombie (Hell)
  20 shadow demons
  A spectral iron dragon (Tar:1)
  A harpy (D:15)
  9 starcursed masses
  3 necromancers
  15 phantasmal warriors
  6 orange crystal statues
  3 deep elf archers
  2 lindwurms (Lair:5)
  19 orc knights
  A spectral ettin (Tar:1)
  An anaconda skeleton (Tomb:3)
  21 ironbound convokers
  Pikel (D:4)
  A wolf spider (D:15)
  18 deep elf pyromancers
  A fire giant zombie (Crypt:2)
  21 deep elf zephyrmancers
  A salamander (shapeshifter) (D:15)
  A stone giant zombie (Crypt:1)
  29 ugly things
  6 shining eyes
  An iron dragon zombie (Dis:1)
  4 orc sorcerers (Orc:2)
  2 centaur zombies
  24 large abominations
  A moth of wrath (shapeshifter) (Zig:7)
  10 manticores
  A meliai (shapeshifter) (Elf:1)
  11 moths of wrath
  14 salamanders
  2 alligator skeletons
  2 worldbinders (Abyss:2)
  2 kobold blastminers (Orc:1)
  3 meliai (Gauntlet)
  3 spectral centaurs (Tar:2)
  7 cyclopes
  5 ice statues
  5 water nymphs (Zig:13)
  2 merfolk sirens (Zig:13)
  12 guardian serpents
  17 vault sentinels
  4 eyes of devastation
  An alligator snapping turtle zombie (Abyss:1)
  16 naga magi
  5 elephants (Lair:2)
  42 black mambas
  3 apocalypse crabs
  A torpor snail (shapeshifter) (Vaults:5)
  2 titan simulacra
  2 centaur skeletons (D:15)
  7 molten gargoyles
  32 smoke demons
  20 hellions
  A storm dragon simulacrum (Coc:2)
  5 torpor snails (Lair:5)
  15 orange demons
  13 cane toads
  Maggie (Lair:1)
  A dire elephant skeleton (Crypt:1)
  2 gargoyles
  2 sea snake zombies (Hell)
  A yaktaur zombie (Vaults:4)
  2 unseen horrors
  An iron giant simulacrum (Coc:5)
  3 kobold demonologists
  8 freezing wraiths
  9 rime drakes
  8 efreet
  4 ice devils
  12 komodo dragons
  8 ancient zymes
  2 alligator snapping turtle skeletons
  A golden dragon simulacrum (Coc:5)
  Psyche (D:9)
  52 guardian mummies
  6 tengu conjurers
  6 trolls
  20 yaktaurs
  21 tormentors
  A bunyip simulacrum (Coc:1)
  4 harpy zombies
  2 red devils (Pan)
  A yaktaur skeleton (Vaults:4)
  14 wind drakes
  A hydra zombie (Hell)
  A spectral harpy (Tar:3)
  8 tyrant leeches
  2 merfolk (Zig:13)
  A polar bear (shapeshifter) (D:14)
  19 polar bears
  2 iron troll skeletons (Dis:1)
  6 hellwings (Pan)
  18 hornets
  A blink frog (shapeshifter) (D:14)
  4 harpy skeletons (Crypt:3)
  A wolf spider simulacrum (D:15)
  30 saltlings
  2 nameless horrors (Elf:2)
  12 raiju
  6 dream sheep (Lair:5)
  25 blink frogs
  18 glass eyes
  2 snapping turtles (Zig:13)
  2 ettin zombies (Crypt:3)
  75 slime creatures
  2 centaur simulacra (Gauntlet)
  An iron dragon simulacrum (Coc:5)
  16 spriggans
  3 vampires
  A frost giant simulacrum (Zig:5)
  A satyr skeleton (Crypt:1)
  7 wraiths
  4 shadows
  19 ynoxinuls
  8 wyverns
  24 ushabtiu
  3 naga simulacra
  4 humans (D:14)
  55 yaks
  5 golden eyes
  9 water elementals
  A black mamba skeleton (Dis:1)
  4 fire elementals (D:15)
  2 redbacks
  3 alligator snapping turtle simulacra
  3 basilisks
  9 wargs
  32 neqoxecs
  2 steam dragons
  A sea snake simulacrum (Hell)
  A redback simulacrum (Gauntlet)
  4 vampire mosquitoes (D:12)
  15 chaos spawn
  2 glowing shapeshifter zombies
  4 swamp worms
  45 nagas
  2 naga zombies
  14 harpy simulacra
  2 acid dragons
  16 water moccasins
  A water moccasin (shapeshifter) (Elf:2)
  19 hell hounds
  A meliai simulacrum (D:15)
  37 orc warriors
  A sky beast (shapeshifter) (D:15)
  A naga skeleton (Tomb:2)
  3 ice beasts
  A swamp drake (Swamp:4)
  17 small abominations
  3 ettin simulacra
  18 laughing skulls
  17 black bears
  A boggart (shapeshifter) (Elf:1)
  16 ogres
  5 boggarts (Vaults:3)
  7 centaurs
  43 wolves
  A dream sheep skeleton (Crypt:1)
  A swamp dragon skeleton (Crypt:2)
  3 lemures (D:4)
  6 kobold brigands
  2 weeping skulls
  16 bullfrogs
  An earth elemental (Elf:2)
  A gnoll sergeant (D:9)
  2 scorpions
  A cyclops skeleton (Crypt:1)
  4 wights
  A hornet simulacrum (Gauntlet)
  19 killer bees
  6 howler monkeys
  2 vampire bats (D:6)
  8 electric eels
  2 quasits
  2 bombardier beetles
  8 hounds
  4 jellies
  19 orc priests
  2 sleepcaps
  A bullfrog skeleton (Crypt:2)
  Ijyb (D:4)
  7 hell rats (Lair:3)
  19 orc wizards
  4 iguanas
  24 mummies
  6 adders
  3 shadow imps
  4 white imps
  An ufetubus (Abyss:2)
  5 ribbon worms
  A ribbon worm (shapeshifter) (D:14)
  A dart slug (D:1)
  59 orcs
  6 ball pythons
  2 bat skeletons (D:6)
  2 bat zombies (D:6)
  8 endoplasms
  2 giant cockroaches (D:2)
  5 goblins
  7 hobgoblins
  4 jackals (D:1)
  33 kobolds
  3 quokkas
  2 bats
  4 frilled lizards
  8 rats
  29 aspiring fleshes
  6 creeping infernos
  10 fire vortices
  4 starspawn tentacles
  A tentacle (Hell)
3728 creatures vanquished.

Vanquished Creatures (collateral kills)
  A dread lich (Crypt:3)
  2 ancient liches
  A juggernaut (Dis:7)
  2 royal mummies (Tomb:1)
  Boris (Depths:2)
  A caustic shrike (Dis:7)
  Nikola (Swamp:3)
  5 bone dragons
  A doom hound (Tar:2)
  A Tzitzimitl (Tar:7)
  A shard shrike zombie (Crypt:2)
  An electric golem (Zot:5)
  2 tentacled monstrosities
  3 Orb Guardians (Zot:5)
  A lich (Crypt:3)
  2 deep elf blademasters (Elf:3)
  4 sphinxes
  3 ancient champions (Dis:7)
  A titan (Coc:7)
  A tentacled starspawn (Zig:15)
  An acid blob (Slime:5)
  2 Executioners (Pan)
  A thorn hunter (Swamp:4)
  2 tengu reavers (Vaults:4)
  2 shadow dragons
  A nargun (Coc:7)
  A protean progenitor (Pan)
  8 fire giants
  A rockslime (Slime:5)
  2 iron dragons
  A revenant (Zig:14)
  A storm dragon (Vaults:4)
  8 nagarajas
  3 frost giants
  7 vault wardens
  A deep elf elementalist (Elf:3)
  A balrug (Pan)
  2 deep elf sorcerers (Elf:3)
  A juggernaut zombie (Crypt:1)
  A quicksilver elemental (Dis:7)
  A ghoul (Vaults:3)
  8 ironbound preservers
  A spriggan defender (Depths:4)
  An orc warlord (Vaults:2)
  2 draconian annihilators
  3 juggernaut skeletons (Pan)
  2 reapers (Pan)
  2 very ugly things
  An ironbound thunderhulk (Vaults:1)
  A demonspawn blood saint (Pan)
  A caustic shrike skeleton (Pan)
  A vampire knight (Depths:1)
  A deep elf demonologist (Elf:1)
  A green draconian (Depths:4)
  3 stone giants
  A war gargoyle (Dis:7)
  4 deep elf annihilators (Elf:3)
  A dire elephant (Vaults:3)
  A white draconian (Zot:1)
  A bunyip (Swamp:4)
  A halazid warlock (Desolation)
  3 bennus (Tomb:1)
  2 ettins
  A crystal guardian (Desolation)
  3 iron golems (Dis:7)
  A mummy priest (Tomb:2)
  A jiangshi (Crypt:2)
  3 blizzard demons (Pan)
  9 fire dragons
  A spriggan zombie (Dis:1)
  2 ragged hierophants (Desolation)
  2 green deaths (Pan)
  A quicksilver dragon zombie (Crypt:1)
  6 great orbs of eyes
  A yaktaur captain (Vaults:3)
  2 ice dragons (Depths:3)
  A quicksilver dragon skeleton (Crypt:3)
  12 hydras
  4 vault guards
  3 peacekeepers (Desolation)
  A ghost crab (Swamp:4)
  A spriggan air mage (Depths:4)
  4 ironbound frosthearts
  8 alligators
  20 dancing weapons
  3 naga warriors
  A satyr (Pan)
  A titan zombie (Crypt:3)
  7 death scarabs
  2 deep troll earth magi
  3 naga sharpshooters (Snake:4)
  A boulder beetle (Zot:1)
  A hell knight (Crypt:3)
  7 deep elf knights
  3 soul eaters (Pan)
  2 titan skeletons
  3 skysharks (Elf:2)
  A storm dragon zombie (Crypt:3)
  6 sun demons
  A crystal echidna (Dis:7)
  4 sixfirhies
  An iron troll (Depths:4)
  A salamander mystic (Snake:4)
  3 skeletal warriors
  19 deep trolls
  3 goliath frogs
  2 flayed ghosts (Pan)
  2 spriggan druids (Swamp:4)
  A mana viper (Snake:4)
  2 sun moths (Pan)
  2 glowing orange brains
  3 bog bodies
  2 naga ritualists (Snake:4)
  4 swamp dragons
  5 ironbound convokers
  3 large abominations
  2 starcursed masses
  A shadow dragon zombie (Crypt:1)
  4 lindwurms (Vaults:3)
  An orc knight (Vaults:4)
  10 deep elf pyromancers
  2 necromancers
  10 deep elf zephyrmancers
  6 ugly things
  6 deep elf archers
  A shadow dragon skeleton (Tomb:1)
  A will-o-the-wisp (Swamp:1)
  2 vault sentinels (Vaults:2)
  A human skeleton (Vaults:4)
  A dire elephant zombie (Crypt:3)
  A moth of wrath (Zot:5)
  5 guardian serpents
  A black mamba (shapeshifter) (Elf:3)
  3 gargoyles (Crypt:3)
  2 naga magi
  6 smoke demons (Pan)
  An alligator snapping turtle zombie (Tomb:3)
  A hellion (Pan)
  An orange demon (Pan)
  A yaktaur (Vaults:3)
  A red devil (Pan)
  2 alligator snapping turtle skeletons
  A bunyip simulacrum (Coc:2)
  An ancient zyme (Abyss:4)
  A death yak skeleton (Crypt:1)
  6 guardian mummies
  A green draconian skeleton (Crypt:2)
  A hydra zombie (Tomb:1)
  A bloated husk (Swamp:1)
  8 tyrant leeches
  3 wind drakes (Pan)
  8 hellwings (Pan)
  2 hornets
  18 saltlings (Desolation)
  A dire elephant simulacrum (Tomb:1)
  An air elemental (Elf:3)
  9 slime creatures
  3 water elementals
  4 ynoxinuls (Pan)
  A yak (shapeshifter) (Elf:3)
  4 spriggans
  2 wraiths (Crypt:3)
  An ushabti (Tomb:1)
  2 fire elementals (Elf:1)
  2 golden eyes (Slime:5)
  3 chaos spawn (Pan)
  A neqoxec (Pan)
  A human simulacrum (Vaults:4)
  A human zombie (Zig:4)
  A harpy simulacrum (Coc:2)
  9 swamp worms
  3 nagas (Snake:4)
  A naga zombie (Crypt:1)
  6 swamp drakes
  2 ice beasts (Vaults:4)
  An ogre (Vaults:5)
  A weeping skull (Abyss:1)
  2 earth elementals
  A small abomination (Abyss:2)
  A water moccasin skeleton (Crypt:2)
  A deep dwarf skeleton (Crypt:1)
  25 mummies
  A white imp (Vaults:4)
  3 ufetubi (Abyss:4)
  A lava snake skeleton (Crypt:1)
  An orc (Vaults:5)
  A kobold zombie (Crypt:2)
  An aspiring flesh (Pan)
  5 fire vortices
538 creatures vanquished.

Vanquished Creatures (others)
  A dread lich (Vaults:5)
  A deep elf master archer (Elf:3)
  A death cob (Zot:5)
  An eldritch tentacle (Pan)
  A storm dragon (Vaults:5)
  An ironbound preserver (Vaults:5)
  A deep elf annihilator (Pan)
  A hydra (Swamp:3)
  A naga warrior (Snake:4)
  A deep elf knight (Elf:1)
  A glowing orange brain (Pan)
  A deep elf archer (Elf:3)
  A swamp dragon (Swamp:4)
  An arcanist (Vaults:4)
  A quicksilver dragon simulacrum (Coc:6)
  An ironbound convoker (Vaults:1)
  A deep elf pyromancer (Elf:1)
  A guardian serpent (Snake:4)
  2 wind drakes (Pan)
  A naga simulacrum (Coc:5)
  A basilisk (D:15)
  A swamp worm (Swamp:3)
  A swamp drake (Swamp:4)
  An orc wizard (D:11)
  An orc (D:11)
  5 ball lightnings (Pan)
  1252 fire vortices
  65 fulminant prisms
  A lurking horror (Abyss:4)
  6 starspawn tentacles
  7 tentacles (Hell)
1362 creatures vanquished.

Grand Total: 5628 creatures vanquished

Notes
Turn   | Place    | Note
-------+----------+-------------------------------------------
     0 | D:1      | nonaganolife the Naga Alchemist began the quest for the
                  | Orb.
     0 | D:1      | Reached XP level 1. HP: 15/15 MP: 3/3
    81 | D:1      | Reached skill level 1 in Fighting
   104 | D:1      | Reached XP level 2. HP: 8/25 MP: 1/5
   323 | D:1      | Reached XP level 3. HP: 17/31 MP: 0/6
   608 | D:1      | Found a faded altar of an unknown god.
   833 | D:2      | Found an opulent altar of Gozag.
  1053 | D:2      | Reached XP level 4. HP: 34/38 MP: 3/8
  1140 | D:2      | Reached skill level 3 in Spellcasting
  1164 | D:2      | Learned a level 4 spell: Olgreb's Toxic Radiance
  1380 | D:3      | Learned a level 4 spell: Sticky Flame
  1495 | D:3      | Found an ornate altar of the Wu Jian Council.
  1501 | D:3      | Reached skill level 5 in Alchemy
  2027 | D:4      | Reached skill level 1 in Fire Magic
  2027 | D:4      | Reached XP level 5. HP: 12/44 MP: 5/10
  2163 | D:4      | Noticed a lemure
  2316 | D:4      | Reached XP level 6. HP: 44/51 MP: 5/11
  2335 | D:4      | Noticed Ijyb
  2394 | D:4      | Killed Ijyb
  2466 | D:4      | Reached skill level 4 in Spellcasting
  2471 | D:4      | Identified the +0 leather armour of Quantum Leap {*Corrode
                  | Str+9 Dex+5 Slay+2}
  3038 | D:4      | Noticed Pikel
  3054 | D:4      | Killed Pikel
  3055 | D:4      | Reached skill level 5 in Spellcasting
  3055 | D:4      | Reached XP level 7. HP: 44/57 MP: 1/14
  3275 | D:5      | Entered Level 5 of the Dungeon
  3336 | D:5      | Found a stormy altar of Qazlal.
  4038 | D:5      | Learned a level 3 spell: Mephitic Cloud
  4125 | D:6      | Reached XP level 8. HP: 64/64 MP: 10/16
  4391 | D:6      | Reached skill level 6 in Spellcasting
  4567 | D:6      | Found a staircase to the Ecumenical Temple.
  4607 | Temple   | Entered the Ecumenical Temple
  4808 | D:6      | Reached XP level 9. HP: 75/75 MP: 13/19
  4814 | D:6      | Reached skill level 7 in Spellcasting
  5021 | D:6      | Found a runed translucent gate.
  5022 | D:6      | Found a runed translucent gate.
  5023 | D:6      | Found a runed translucent gate.
  5024 | D:6      | Noticed ironshield's ghost (novice DsSu)
  5024 | D:6      | Noticed cpf86's ghost (novice HOFi)
  5119 | D:6      | Found an ancient bone altar of Kikubaaqudgha.
  5124 | D:6      | Reached skill level 5 in Conjurations
  5676 | D:7      | Reached skill level 8 in Spellcasting
  5944 | D:7      | Learned a level 4 spell: Ignite Poison
  6143 | D:7      | Found a broken altar of Ashenzari.
  6421 | D:8      | Reached XP level 10. HP: 55/84 MP: 19/22
  6602 | D:8      | Reached skill level 9 in Spellcasting
  7107 | D:9      | Reached skill level 5 in Fire Magic
  7175 | D:9      | Noticed a rust devil
  7175 | D:9      | Noticed a rust devil
  7188 | D:9      | Noticed Psyche
  7191 | D:9      | Killed Psyche
  7448 | D:9      | Found a hazy altar of Hepliaklqana.
  7457 | D:9      | Found a radiant altar of Vehumet.
  7460 | D:9      | Became a worshipper of Vehumet
  7483 | D:9      | Noticed a boulder beetle
  7484 | D:9      | Noticed a two-headed ogre
  7488 | D:9      | Found a runed translucent door.
  7502 | D:9      | Killed a boulder beetle
  7503 | D:9      | Killed a two-headed ogre
  7504 | D:9      | Reached skill level 10 in Spellcasting
  7504 | D:9      | Reached XP level 11. HP: 68/90 MP: 15/25
  7573 | D:9      | Learned a level 5 spell: Freezing Cloud
  7739 | D:9      | Noticed a cyclops
  7747 | D:9      | Killed a cyclops
  7748 | D:9      | Reached skill level 1 in Ice Magic
  7748 | D:9      | Reached skill level 1 in Air Magic
  7840 | D:10     | Entered Level 10 of the Dungeon
  7936 | D:10     | Reached * piety under Vehumet
  7936 | D:10     | Offered knowledge of Sandblast by Vehumet.
  7961 | D:10     | Found a staircase to the Lair.
  8141 | D:10     | Noticed a two-headed ogre
  8146 | D:10     | Killed a two-headed ogre
  8147 | D:10     | Reached skill level 10 in Conjurations
  8610 | D:11     | Noticed a cyclops
  8625 | D:11     | Killed a cyclops
  8703 | D:11     | Noticed Fannar
  8713 | D:11     | Noticed a manticore
  8715 | D:11     | Killed Fannar
  8716 | D:11     | Reached skill level 11 in Spellcasting
  8955 | D:11     | HP: 4/90 [efreet/+2 scimitar of flaming (8)]
  9224 | D:11     | Found a shimmering altar of Xom.
  9257 | D:11     | Found a shimmering altar of Xom.
  9281 | D:11     | Found a shimmering altar of Xom.
  9287 | D:11     | Found a shimmering altar of Xom.
  9287 | D:11     | Found a shimmering altar of Xom.
  9288 | D:11     | Found a shimmering altar of Xom.
  9288 | D:11     | Found a shimmering altar of Xom.
  9367 | D:11     | Identified the +7 hand axe "Hesetz" {flame, Will+ rCorr
                  | Str-2}
  9638 | D:12     | Reached ** piety under Vehumet
  9638 | D:12     | Offered knowledge of Scorch by Vehumet.
  9639 | D:12     | Reached XP level 12. HP: 37/97 MP: 26/27
  9712 | D:12     | Noticed Lodul
  9723 | D:12     | Killed Lodul
  9739 | D:12     | Gained mutation: You can exhale a cloud of poison. [potion
                  | of mutation]
  9739 | D:12     | Gained mutation: You are weak. (Str -2) [potion of
                  | mutation]
  9739 | D:12     | Gained mutation: You possess an exceptional clarity of
                  | mind. [potion of mutation]
  9748 | D:12     | Reached skill level 12 in Spellcasting
  9819 | D:12     | Found a frozen archway.
  9821 | D:12     | Noticed an ice dragon
  9942 | D:12     | Killed an ice dragon
  9957 | IceCv    | Entered an ice cave
  9961 | IceCv    | Offered knowledge of Inner Flame by Vehumet.
  9994 | IceCv    | Noticed a death yak
  9999 | IceCv    | Killed a death yak
  9999 | IceCv    | Reached *** piety under Vehumet
 10355 | IceCv    | Noticed a death yak
 10355 | IceCv    | Noticed a death yak
 10356 | IceCv    | Noticed a death yak
 10362 | IceCv    | Killed a death yak
 10362 | IceCv    | Offered knowledge of Stone Arrow by Vehumet.
 10362 | IceCv    | Killed a death yak
 10362 | IceCv    | Killed a death yak
 10363 | IceCv    | Reached skill level 13 in Spellcasting
 10363 | IceCv    | Gained mutation: You can use your snake-like lower body to
                  | constrict enemies. [Naga growth]
 10363 | IceCv    | Reached XP level 13. HP: 98/103 MP: 24/30
 10368 | IceCv    | Learned a level 3 spell: Stone Arrow
 10401 | IceCv    | Reached skill level 1 in Earth Magic
 10439 | IceCv    | Noticed a frost giant
 10445 | IceCv    | Killed a frost giant
 11178 | D:12     | Found a staircase to the Orcish Mines.
 11343 | Orc:1    | Entered Level 1 of the Orcish Mines
 11343 | Orc:1    | Noticed Sonja
 11347 | Orc:1    | Killed Sonja
 11359 | Orc:1    | Reached **** piety under Vehumet
 11415 | Orc:1    | Reached skill level 5 in Fighting
 11595 | Orc:1    | Found a transporter.
 11603 | Orc:1    | Noticed ttag's ghost (journeyman MiBe)
 11669 | Orc:1    | Found a transporter.
 11717 | Orc:2    | Entered Level 2 of the Orcish Mines
 11791 | Orc:2    | Offered knowledge of Lee's Rapid Deconstruction by Vehumet.
 11798 | Orc:2    | Reached skill level 1 in Armour
 11817 | Orc:2    | Noticed an orc warlord
 11825 | Orc:2    | Killed an orc warlord
 11826 | Orc:2    | Reached skill level 14 in Spellcasting
 12110 | Orc:2    | Found a staircase to the Elven Halls.
 12119 | Orc:2    | Reached ***** piety under Vehumet
 12153 | Orc:2    | Offered knowledge of Brom's Barrelling Boulder by Vehumet.
 12199 | Orc:2    | Reached XP level 14. HP: 90/117 MP: 23/32
 12307 | Orc:2    | Found Qakkonom's General Store.
 12307 | Orc:2    | Found Plog's Antique Armour Boutique.
 12307 | Orc:2    | Found Vodwosm's Book Boutique.
 12307 | Orc:2    | Found Xitaom's Antique Weapon Shop.
 12312 | Orc:2    | Bought a scroll of fog for 52 gold pieces
 12322 | Orc:2    | Bought a spiked robe for 176 gold pieces
 12322 | Orc:2    | Identified the +0 robe of Quoluw {rElec Stlth+} (You bought
                  | it in a shop on level 2 of the Orcish Mines)
 13142 | Lair:1   | Entered Level 1 of the Lair of Beasts
 13142 | Lair:1   | Noticed Maggie
 13149 | Lair:1   | Killed Maggie
 13150 | Lair:1   | Reached skill level 15 in Spellcasting
 13895 | Lair:2   | Reached skill level 16 in Spellcasting
 13920 | Lair:2   | You fall into a shaft and drop 2 floors!
 14304 | Lair:4   | Found a staircase to the Slime Pits.
 14838 | Lair:5   | Entered Level 5 of the Lair of Beasts
 15023 | Lair:5   | Reached XP level 15. HP: 110/123 MP: 33/35
 15112 | Lair:5   | Offered knowledge of Fulminant Prism by Vehumet.
 15296 | Lair:5   | Got an earthy gem with 859 turns to spare
 15412 | Lair:5   | Reached skill level 10 in Fire Magic
 15421 | Lair:5   | Learned a level 4 spell: Fulminant Prism
 16345 | Lair:3   | Found a runed translucent door.
 16345 | Lair:3   | Found a shimmering altar of Xom.
 16345 | Lair:3   | Noticed Ceyvaan's ghost (journeyman DEFE)
 16345 | Lair:3   | Identified the +6 double sword "Kienlere" {chaos, Will+
                  | Str+8 Dex+4}
 16592 | Lair:3   | Reached ****** piety under Vehumet
 16645 | Lair:3   | Found a staircase to the Snake Pit.
 16845 | Lair:3   | Found a staircase to the Swamp.
 17944 | D:13     | Found a gate leading to a gauntlet.
 17951 | Gauntlet | Entered a Gauntlet
 17951 | Gauntlet | Found a transporter.
 17951 | Gauntlet | Found a transporter.
 17953 | Gauntlet | Found a transporter.
 17985 | Gauntlet | Found a transporter.
 17985 | Gauntlet | Found a transporter.
 17985 | Gauntlet | Found a transporter.
 17989 | Gauntlet | Found a transporter.
 17989 | Gauntlet | Found a transporter.
 18001 | Gauntlet | Found a transporter.
 18018 | Gauntlet | Found a transporter.
 18028 | Gauntlet | Found a transporter.
 18045 | Gauntlet | Found a transporter.
 18064 | Gauntlet | Found a transporter.
 18077 | Gauntlet | Found a transporter.
 18088 | Gauntlet | Learned a level 8 spell: Ignition
 18110 | Gauntlet | Identified the +1 barding "Earthly Heaven" {rN+ Dex+4
                  | Stlth+}
 18113 | Gauntlet | Offered knowledge of Orb of Destruction by Vehumet.
 18144 | Gauntlet | Learned a level 7 spell: Orb of Destruction
 18334 | Gauntlet | Identified the -1 cloak "Seserch" {*Corrode +Inv Will++
                  | Str-5}
 18347 | Gauntlet | Identified the +1 mace "Ydghof" {venom, Str-5 Int+4}
 18382 | Gauntlet | Got Sif Muna's Octavo of Ouranomancy and Refrigeration
 18646 | D:13     | Reached XP level 16. HP: 130/130 MP: 36/36
 18925 | D:14     | Reached skill level 17 in Spellcasting
 19543 | D:14     | Reached skill level 1 in Shields
 19741 | D:14     | Found a gate to the Vaults.
 19786 | D:15     | Entered Level 15 of the Dungeon
 20051 | D:15     | Noticed Jorgrun
 20060 | D:15     | Killed Jorgrun
 20526 | D:15     | Identified the ring "Besm" {MP+9 Int+2}
 20792 | D:15     | Offered knowledge of Starburst by Vehumet.
 20812 | D:15     | Found a staircase to the Depths.
 20836 | D:15     | Noticed Azrael
 20842 | D:15     | Killed Azrael
 20939 | D:15     | Found a transporter.
 20949 | D:15     | Identified the ring "Paosaa" {rF+ Will+}
 21034 | D:15     | Found Venex's Weapon Shoppe.
 21089 | D:15     | Reached XP level 17. HP: 88/138 MP: 38/38
 21136 | D:15     | Found Sicvu's Assorted Antiques.
 21146 | D:15     | Bought a glowing scarf for 240 gold pieces
 21210 | D:15     | Identified the ring of Fawaskokh {rElec Will+ Int-3 Dex+6}
 21228 | D:15     | Reached skill level 15 in Conjurations
 21239 | D:15     | Found Lesoq's Distillery.
 21255 | D:15     | Bought a potion of cancellation for 136 gold pieces
 21255 | D:15     | Bought a potion of mutation for 136 gold pieces
 21255 | D:15     | Bought a potion of resistance for 170 gold pieces
 21335 | D:15     | Found a transporter.
 21658 | Snake:1  | Entered Level 1 of the Snake Pit
 21772 | Snake:1  | Reached skill level 15 in Fire Magic
 21788 | Snake:1  | Identified the serpent talisman of Darkness {Slay+3 SInv
                  | Stlth+}
 21788 | Snake:1  | Noticed Aizul
 21815 | Snake:1  | Killed Aizul
 21816 | Snake:1  | Noticed Mlioglotl
 21830 | Snake:1  | Killed Mlioglotl
 21883 | Snake:1  | Offered knowledge of Irradiate by Vehumet.
 21890 | Snake:1  | Learned a level 5 spell: Irradiate
 22125 | Snake:1  | Found Tosin's CLEARANCE SALE!.
 22185 | Snake:1  | Noticed Rupert
 22203 | Snake:1  | Killed Rupert
 22204 | Snake:1  | Reached skill level 18 in Spellcasting
 22969 | Snake:2  | Found an iron altar of Okawaru.
 22996 | Snake:2  | Identified a scroll of acquirement
 22997 | Snake:2  | Acquired 428 gold pieces
 23578 | Snake:3  | Reached XP level 18. HP: 145/145 MP: 40/40
 23684 | Snake:3  | Found Dari's Jewellery Shop.
 23685 | Snake:3  | Found Omiliry's Book Emporium.
 23695 | Snake:3  | Found Yklyof's Jewellery Shop.
 23707 | Snake:3  | Bought a book of Power for 504 gold pieces
 23715 | Snake:3  | Learned a level 7 spell: Spellforged Servitor
 23814 | Snake:3  | Reached skill level 1 in Summonings
 24188 | Snake:4  | Entered Level 4 of the Snake Pit
 24222 | Snake:4  | Offered knowledge of Plasma Beam by Vehumet.
 24689 | Snake:4  | Reached skill level 19 in Spellcasting
 24762 | Snake:4  | Got a serpentine rune of Zot
 25608 | Swamp:1  | Entered Level 1 of the Swamp
 25667 | Swamp:1  | Reached skill level 1 in Evocations
 26144 | Swamp:2  | Reached XP level 19. HP: 151/151 MP: 35/42
 26211 | Swamp:2  | Offered knowledge of Maxwell's Capacitive Coupling by
                  | Vehumet.
 26394 | Swamp:2  | Reached skill level 5 in Stealth
 26815 | Swamp:3  | Noticed Nikola
 26824 | Swamp:3  | Killed Nikola
 26830 | Swamp:3  | Noticed Mara
 27105 | Swamp:3  | Noticed nonaganolife's illusion
 27114 | Swamp:3  | Killed Mara
 27287 | Swamp:3  | Noticed Louise
 27297 | Swamp:3  | Killed Louise
 27411 | Swamp:4  | Entered Level 4 of the Swamp
 27486 | Swamp:4  | Reached skill level 5 in Air Magic
 27765 | Swamp:4  | Reached skill level 20 in Spellcasting
 27877 | Swamp:4  | Got a decaying rune of Zot
 27940 | Swamp:4  | Offered knowledge of Lehudib's Crystal Spear by Vehumet.
 27940 | Swamp:4  | Offered knowledge of Fire Storm by Vehumet.
 27940 | Swamp:4  | Offered knowledge of Chain Lightning by Vehumet.
 28042 | Swamp:4  | Identified the +4 dagger of Ethereal Fortitude {speed,
                  | rElec Will+ MP-9 Str+5}
 28433 | Elf:1    | Entered Level 1 of the Elven Halls
 28885 | Elf:1    | Noticed a Brimstone Fiend
 28896 | Elf:1    | Reached XP level 20. HP: 143/162 MP: 44/44
 29559 | Elf:2    | Found Xebauq's Armour Shop.
 29888 | Elf:2    | Found a runed translucent gate.
 29889 | Elf:2    | Found a runed translucent gate.
 29889 | Elf:2    | Found a runed translucent gate.
 30360 | Elf:2    | Noticed Norris
 30369 | Elf:2    | Killed Norris
 30570 | Elf:3    | Entered Level 3 of the Elven Halls
 30602 | Elf:3    | Paralysed by an air elemental for 1 turns
 30645 | Elf:3    | Reached skill level 5 in Shields
 31024 | Elf:3    | Found Igalarox's One-of-a-Kind Books.
 31159 | Elf:3    | Reached skill level 5 in Summonings
 31315 | Elf:3    | Identified the +1 robe of Toxeraang {Harm}
 31729 | Elf:3    | Identified the ring of Wu Jian's Pride {rElec rF+}
 31733 | Elf:3    | Reached XP level 21. HP: 109/170 MP: 45/45
 31752 | Elf:3    | Identified the +6 scale mail of Valour {MP+9}
 31761 | Elf:3    | Got the Incunable of the Injurious Tundra
 31816 | Elf:3    | Identified the +6 hand cannon "Hydra's Doom" {freeze, rN+
                  | Int+3 Dex+4}
 31818 | Elf:3    | Identified the staff "Ris Ufed" {*Corrode ^Fragile rN+++
                  | Int+4 Conj}
 31863 | Elf:3    | Identified the +8 shortbow of Dithmenos's Reproof {flame,
                  | ^Fragile Will+ Dex+5}
 32147 | Vaults:1 | Entered Level 1 of the Vaults
 32165 | Vaults:1 | Found a crumbling gateway.
 32208 | Desolati | Entered the Desolation of Salt
 32307 | Desolati | Got the Parchment of Metamorphic Elsewhere
 32309 | Desolati | Identified the +3 troll leather armour "Icwal" {rC+ Regen+
                  | Int+5 Slay-3}
 32311 | Desolati | Identified the +6 scale mail of Defiance {rPois rC+++
                  | Stlth-}
 32318 | Desolati | Identified the ring of Tender Moments {rF- MP+9 Str+3}
 32321 | Desolati | Identified the +1 robe of the Pink Corner {Dex+3 Slay-2
                  | SInv Stlth+}
 32324 | Desolati | Got the Secrets of the Vector
 32667 | Desolati | Got the Anthology of the Flock
 32729 | Desolati | Reached skill level 21 in Spellcasting
 32781 | Desolati | Got Sif Muna's Monograph on Wounds and Embers
 32782 | Desolati | Identified the amulet "Doxkigg" {+Blink rF- rN+++ Regen+
                  | SInv}
 32798 | Desolati | Identified the amulet of Zucwuapur {Reflect *Slow rC- Dex+9
                  | SH+5}
 32865 | Desolati | Got the Incunable of Mighty Phlogiston
 32973 | Vaults:1 | Learned a level 9 spell: Fire Storm
 33939 | Vaults:2 | Reached skill level 5 in Armour
 34186 | Vaults:2 | Reached XP level 22. HP: 156/178 MP: 47/47
 34260 | Vaults:2 | Found Zofewira's Magic Scroll Shop.
 34264 | Vaults:2 | Bought a scroll of enchant armour for 165 gold pieces
 34264 | Vaults:2 | Bought a scroll of revelation for 165 gold pieces
 34264 | Vaults:2 | Bought a scroll of teleportation for 66 gold pieces
 34264 | Vaults:2 | Bought a scroll of teleportation for 66 gold pieces
 34741 | Vaults:2 | Identified the +6 spear of the Original Sin {venom, Will+
                  | MP-9 Int-3 Dex+9}
 35158 | Vaults:3 | Noticed an ancient lich
 35171 | Vaults:3 | Killed an ancient lich
 35519 | Vaults:3 | Found a staircase to the Crypt.
 35573 | Vaults:3 | Killed Mennas
 35574 | Vaults:3 | Reached skill level 22 in Spellcasting
 36359 | Vaults:4 | Reached XP level 23. HP: 184/184 MP: 48/49
 36427 | Vaults:4 | Found a runed translucent gate.
 36427 | Vaults:4 | Found a runed translucent gate.
 36428 | Vaults:4 | Found a runed translucent gate.
 36429 | Vaults:4 | Noticed december12's ghost (veteran TeDe)
 36430 | Vaults:4 | Identified the +3 plate armour of the New World {Harm rC-
                  | Int-3 Dex+8}
 36682 | Vaults:4 | Noticed Donald
 36688 | Vaults:4 | Killed Donald
 37001 | Vaults:4 | Found Paulois's Armour Shoppe.
 37137 | Vaults:4 | Killed december12's ghost
 37218 | Vaults:5 | Entered Level 5 of the Vaults
 37265 | Vaults:5 | Noticed a dread lich
 37271 | Vaults:5 | Killed a dread lich
 37301 | Vaults:5 | Reached skill level 23 in Spellcasting
 37313 | Vaults:5 | Reached XP level 24. HP: 91/192 MP: 43/50
 37327 | Vaults:5 | Noticed an ancient lich
 37329 | Vaults:5 | Killed an ancient lich
 37331 | Vaults:5 | Reached skill level 10 in Air Magic
 37389 | Vaults:5 | Identified the +0 arbalest of Dissent {freeze, Str+5}
 37391 | Vaults:5 | Got a silver rune of Zot
 37437 | Vaults:5 | Identified the +5 morningstar of Drought {freeze, Fly rPois
                  | Str+2} (You took it off a fire giant on level 5 of the
                  | Vaults)
 37866 | Vaults:5 | Identified the +0 mace of Reckaymi {antimagic, rF- rN+
                  | rCorr Str+3}
 38030 | Vaults:5 | Identified the orb "Ypsain" {guile, rPois}
 38419 | Vaults:5 | Found Oserch's Jewellery Shoppe.
 38420 | Vaults:5 | Found Bimpiy's Distillery.
 38424 | Vaults:5 | Bought a potion of curing for 51 gold pieces
 38424 | Vaults:5 | Bought a potion of invisibility for 136 gold pieces
 38424 | Vaults:5 | Bought a potion of invisibility for 136 gold pieces
 38424 | Vaults:5 | Bought 2 potions of heal wounds for 170 gold pieces
 38424 | Vaults:5 | Bought 2 potions of heal wounds for 170 gold pieces
 38431 | Vaults:5 | Bought the ring "Giezeil" {rC+ Int+6} for 624 gold pieces
 38440 | Vaults:5 | Learned a level 8 spell: Lehudib's Crystal Spear
 38446 | Vaults:5 | Noticed an ancient lich
 38451 | Vaults:5 | Killed an ancient lich
 38653 | Depths:1 | Entered Level 1 of the Depths
 38689 | Depths:1 | Found a gateway to Hell.
 38717 | Depths:1 | Gained mutation: You are occasionally teleported next to
                  | monsters. [mutagenic glow]
 38734 | Depths:1 | Reached skill level 5 in Earth Magic
 38743 | Depths:1 | Reached XP level 25. HP: 199/199 MP: 37/50
 38786 | Depths:1 | Lost mutation: You are occasionally teleported next to
                  | monsters. [potion of mutation]
 38786 | Depths:1 | Lost mutation: You are weak. (Str -2) [potion of mutation]
 38786 | Depths:1 | Lost mutation: You possess an exceptional clarity of mind.
                  | [potion of mutation]
 38786 | Depths:1 | Gained mutation: You expend magic power (3 MP) to
                  | strengthen your wands. [potion of mutation]
 38786 | Depths:1 | Gained mutation: You have a pair of small horns on your
                  | head. [potion of mutation]
 38787 | Depths:1 | Lost mutation: You have a pair of small horns on your head.
                  | [potion of mutation]
 38787 | Depths:1 | Lost mutation: You can exhale a cloud of poison. [potion of
                  | mutation]
 38787 | Depths:1 | Lost mutation: You expend magic power (3 MP) to strengthen
                  | your wands. [potion of mutation]
 38787 | Depths:1 | Gained mutation: You sometimes lose your temper in combat.
                  | [potion of mutation]
 38787 | Depths:1 | Gained mutation: You occasionally lose the ability to drink
                  | potions when taking damage. [potion of mutation]
 38787 | Depths:1 | Gained mutation: Your flesh is heat resistant. (rF+)
                  | [potion of mutation]
 38787 | Depths:1 | Gained mutation: You are strong-willed. (Will+) [potion of
                  | mutation]
 38884 | Depths:1 | Found a blossoming altar of Fedhas.
 38956 | Depths:1 | Found a portal to a secret trove of treasure.
 38976 | Depths:1 | You paid a toll of 12 potions of heal wounds to enter a
                  | treasure trove
 38977 | Trove    | Entered a treasure trove
 39545 | Depths:2 | Found a one-way gate to the infinite horrors of the Abyss.
 39566 | Depths:2 | Noticed Boris
 39570 | Depths:2 | Killed Boris
 39689 | Depths:2 | Noticed Grunn
 39691 | Depths:2 | Killed Grunn
 39799 | Depths:2 | Found a one-way gate leading to the halls of Pandemonium.
 40289 | Depths:2 | Identified the +8 plate armour of Benevolence {rPois rF++
                  | Will+}
 40324 | Depths:3 | Noticed Parghit
 40406 | Depths:3 | Killed Parghit
 40435 | Depths:3 | Noticed the Enchantress
 40437 | Depths:3 | Killed the Enchantress
 40439 | Depths:3 | Noticed Xtahua
 40447 | Depths:3 | Killed Xtahua
 40575 | Depths:3 | Found Tissem's Firing Range.
 40581 | Depths:3 | Bought 2 throwing nets for 90 gold pieces
 40581 | Depths:3 | Bought a throwing net for 45 gold pieces
 40581 | Depths:3 | Bought 2 throwing nets for 90 gold pieces
 40594 | Depths:3 | Reached skill level 10 in Earth Magic
 40627 | Depths:3 | Found a one-way gateway to a ziggurat.
 40668 | Depths:3 | Learned a level 9 spell: Chain Lightning
 41198 | Depths:4 | Entered Level 4 of the Depths
 41527 | Depths:4 | Reached XP level 26. HP: 206/206 MP: 50/50
 41598 | Depths:4 | Found a gate to the Realm of Zot.
 41601 | Depths:4 | Reached skill level 5 in Dodging
 41833 | Depths:4 | Identified the +8 great mace "Jaetih" {venom, rN+}
 42433 | Snake:3  | Bought a book of Blood for 336 gold pieces
 42437 | Snake:3  | Learned a level 2 spell: Sublimation of Blood
 42606 | Slime:1  | Entered Level 1 of the Pits of Slime
 42608 | Slime:1  | Reached skill level 15 in Air Magic
 42995 | Slime:5  | Entered Level 5 of the Pits of Slime
 43193 | Slime:5  | Noticed the Royal Jelly
 43196 | Slime:5  | Killed the Royal Jelly
 43286 | Slime:5  | Found the dreamshard necklace {Acrobat *Dream}
 43295 | Slime:5  | Identified the +0 ring mail of Omyh {rF+}
 43298 | Slime:5  | Identified the ring "Vywosiajo" {*Slow rN+ Dex+6 Stlth+}
 43307 | Slime:5  | Got the Lessons on Electrocution
 43358 | Slime:5  | Identified the staff of Wamuigud {rF+ rCorr Str-2 Int-2
                  | SInv Fire}
 43374 | Slime:5  | Got the Tome of Harmful Location
 43393 | Slime:5  | Identified the +11 morningstar of Ufecydag {drain, Fly
                  | Int+3}
 43407 | Slime:5  | Identified the +1 helmet of Sif Muna {^Drain rPois Slay+6
                  | SInv}
 43417 | Slime:5  | Identified the +1 ring mail of Iheogenaza {Dex+3}
 43424 | Slime:5  | Got a slimy rune of Zot
 43449 | Slime:5  | Reached skill level 5 in Evocations
 44545 | Crypt:1  | Entered Level 1 of the Crypt
 44548 | Crypt:1  | Noticed Boris
 44551 | Crypt:1  | Killed Boris
 44750 | Crypt:1  | Noticed Bai Suzhen
 44753 | Crypt:1  | Killed Bai Suzhen
 45486 | Crypt:2  | Identified the ring of Esmi {Fly rCorr Str-3 Stlth+}
 45748 | Crypt:3  | Entered Level 3 of the Crypt
 45918 | Crypt:3  | Identified the +1 plate armour of the Tundras {Slay+5}
 45968 | Crypt:3  | Reached XP level 27. HP: 219/219 MP: 50/50
 46086 | Crypt:3  | Reached skill level 1 in Necromancy
 46242 | Crypt:3  | Identified the +2 trident "Saitaang" {venom, Fly rCorr
                  | Str+3}
 46431 | Crypt:3  | Noticed Vv
 46441 | Crypt:3  | Killed Vv
 46633 | Crypt:3  | Found a staircase to the Tomb.
 46635 | Crypt:3  | Noticed a dread lich
 46639 | Crypt:3  | Killed a dread lich
 46656 | Crypt:3  | Noticed a dread lich
 46658 | Crypt:3  | Killed a dread lich
 46659 | Crypt:3  | Reached skill level 5 in Necromancy
 46664 | Crypt:3  | Found the +8 Vampire's Tooth {megavamp}
 46669 | Crypt:3  | Identified the ring "Lisof" {rN+ Str+3}
 46669 | Crypt:3  | Identified the ring "Baejo" {rN+ Str+4 Int+3}
 46669 | Crypt:3  | Identified the ring "Bebaegea" {rC+ rN+ rCorr Str+3 SInv}
 46710 | Crypt:3  | Got Targh's Collected Works on Nightshade
 46885 | Crypt:3  | Acquired 812 gold pieces
 47002 | Tomb:1   | Entered Level 1 of the Tomb of the Ancients
 47105 | Tomb:1   | Reached skill level 10 in Fighting
 47368 | Tomb:1   | Noticed a royal mummy
 47372 | Tomb:1   | Killed a royal mummy
 47384 | Tomb:1   | Noticed a royal mummy
 47387 | Tomb:1   | Killed a royal mummy
 47687 | Tomb:1   | Learned a level 4 spell: Passage of Golubria
 47692 | Tomb:2   | Noticed a royal mummy
 47692 | Tomb:2   | Noticed a royal mummy
 47692 | Tomb:2   | Noticed a royal mummy
 47692 | Tomb:2   | Noticed a royal mummy
 47701 | Tomb:2   | Reached skill level 1 in Translocations
 47835 | Tomb:2   | Killed a royal mummy
 47859 | Tomb:2   | Killed a royal mummy
 48005 | Tomb:2   | Killed a royal mummy
 48122 | Tomb:2   | Killed a royal mummy
 48293 | Tomb:1   | Noticed a royal mummy
 48293 | Tomb:1   | Noticed a royal mummy
 48295 | Tomb:1   | Killed a royal mummy
 48296 | Tomb:1   | Killed a royal mummy
 48296 | Tomb:1   | Noticed a royal mummy
 48297 | Tomb:1   | Noticed a royal mummy
 48298 | Tomb:1   | Killed a royal mummy
 48298 | Tomb:1   | Killed a royal mummy
 48299 | Tomb:1   | Noticed a royal mummy
 48301 | Tomb:1   | Killed a royal mummy
 48301 | Tomb:1   | Noticed a royal mummy
 48303 | Tomb:1   | Noticed a royal mummy
 48304 | Tomb:1   | Killed a royal mummy
 48305 | Tomb:1   | Reached skill level 5 in Translocations
 48428 | Tomb:1   | Noticed a royal mummy
 48430 | Tomb:1   | Killed a royal mummy
 48439 | Tomb:1   | Killed a royal mummy
 48582 | Tomb:1   | Noticed a royal mummy
 48585 | Tomb:1   | Killed a royal mummy
 48606 | Tomb:1   | Noticed a royal mummy
 48608 | Tomb:1   | Killed a royal mummy
 48611 | Tomb:1   | Noticed a royal mummy
 48614 | Tomb:1   | Killed a royal mummy
 48621 | Tomb:1   | Noticed a royal mummy
 48624 | Tomb:1   | Killed a royal mummy
 48634 | Tomb:1   | Noticed a royal mummy
 48635 | Tomb:1   | Killed a royal mummy
 48636 | Tomb:1   | Reached skill level 10 in Necromancy
 48767 | Tomb:1   | Noticed a royal mummy
 48769 | Tomb:1   | Killed a royal mummy
 48958 | Tomb:2   | Learned a level 2 spell: Blink
 48960 | Tomb:3   | Entered Level 3 of the Tomb of the Ancients
 48966 | Tomb:3   | Noticed Boris
 48970 | Tomb:3   | Killed Boris
 49026 | Tomb:3   | Noticed a royal mummy
 49028 | Tomb:3   | Killed a royal mummy
 49033 | Tomb:3   | Killed a royal mummy
 49057 | Tomb:3   | Killed a royal mummy
 49069 | Tomb:3   | Noticed a royal mummy
 49070 | Tomb:3   | Killed a royal mummy
 49071 | Tomb:3   | Killed a royal mummy
 49073 | Tomb:3   | Killed a royal mummy
 49085 | Tomb:3   | Killed a royal mummy
 49086 | Tomb:3   | Reached skill level 15 in Necromancy
 49232 | Tomb:3   | Noticed Khufu
 49240 | Tomb:3   | Killed Khufu
 49339 | Tomb:3   | Noticed a royal mummy
 49342 | Tomb:3   | Killed a royal mummy
 49365 | Tomb:3   | Identified the ring of the Past {rN+ Dex+6}
 49373 | Tomb:3   | Identified the amulet "Miskiop" {Reflect rElec rPois rN++
                  | SH+5}
 49406 | Tomb:3   | Identified the +4 longbow of Darkness {drain, rElec rPois
                  | rF- rC+}
 49431 | Tomb:3   | Identified the +1 robe "Dewogiero" {Int+4 Stlth+}
 49432 | Tomb:3   | Identified the +12 morningstar of Calculation {spect,
                  | Int+3}
 49449 | Tomb:3   | Identified the +1 great mace of the Wonderful God {flame,
                  | ^Contam rElec Str+4 Stlth+}
 49686 | Tomb:3   | Got a golden rune of Zot
 50314 | Zig:1    | Entered Level 1 of a ziggurat
 50332 | Zig:2    | Entered Level 2 of a ziggurat
 50358 | Zig:3    | Entered Level 3 of a ziggurat
 50391 | Zig:4    | Entered Level 4 of a ziggurat
 50413 | Zig:4    | Identified the staff "Routhozae" {rN+ Dex-4 Summ Necro
                  | Earth}
 50498 | Zig:5    | Entered Level 5 of a ziggurat
 50520 | Zig:6    | Entered Level 6 of a ziggurat
 50559 | Zig:7    | Entered Level 7 of a ziggurat
 50563 | Zig:7    | Noticed Zipnishr Heyt the pandemonium lord
 50563 | Zig:7    | Found the +8 whip "Snakebite" {venom, curare, rPois}
 50569 | Zig:7    | Killed Zipnishr Heyt the pandemonium lord
 50595 | Zig:7    | Identified the ring "Nazaezxy" {Wiz Fly rElec rN+ Will-}
 50597 | Zig:7    | Identified the +7 battleaxe "Eviscerator" {antimagic, *Rage
                  | rPois rC+ Will++}
 50605 | Zig:8    | Entered Level 8 of a ziggurat
 50623 | Zig:8    | Identified the +3 acid dragon scales "Gushrex" {rN+ rCorr
                  | MP-9 Dex+2}
 50626 | Zig:8    | Identified the amulet "Sowuukku" {Reflect rC+ Str-3 SH+5
                  | SInv Stlth+}
 50631 | Zig:9    | Entered Level 9 of a ziggurat
 50647 | Zig:9    | Identified the +4 scale mail of Yxzukleo {Int+3}
 50648 | Zig:9    | Identified the staff of Vyedayl {rF+ Will- Int+3 Fire Air}
 50662 | Zig:9    | Identified the +5 longbow of True Grit {drain, +Blink rCorr
                  | Str-4 Stlth+}
 50668 | Zig:10   | Entered Level 10 of a ziggurat
 50694 | Zig:10   | Identified the staff of Discomfort {rElec rC- rN+ Earth}
 50727 | Zig:11   | Entered Level 11 of a ziggurat
 50748 | Zig:11   | Reached skill level 15 in Earth Magic
 50769 | Zig:11   | Found the +5 glaive of the Guard {elec, spectral}
 50770 | Zig:11   | Found the +12 glaive of Prune {freeze, Prune}
 50781 | Zig:11   | Identified the +9 dagger of Disgust {holy, ^Fragile rC+
                  | Str+3 Int+8}
 50804 | Zig:11   | Learned a level 9 spell: Shatter
 50807 | Zig:12   | Entered Level 12 of a ziggurat
 50840 | Zig:12   | Identified the staff of Aleam {Necro Earth}
 50854 | Zig:13   | Entered Level 13 of a ziggurat
 50877 | Zig:13   | Identified the +1 leather armour "Onues" {Rampage}
 50888 | Zig:13   | Identified the +4 war axe "Haciulei" {spect, rC+ Str+2
                  | Stlth+}
 50890 | Zig:14   | Entered Level 14 of a ziggurat
 50897 | Zig:14   | Noticed a dread lich
 50899 | Zig:14   | Noticed an ancient lich
 50900 | Zig:14   | Killed a dread lich
 50902 | Zig:14   | Killed an ancient lich
 50979 | Zig:15   | Entered Level 15 of a ziggurat
 51021 | Zig:15   | Identified the +5 sling of Veguekka {heavy, *Slow rPois
                  | rCorr Str+4}
 51022 | Zig:15   | Identified the ring of Ygga {*Corrode Will+ Int+5 Dex+3
                  | Stlth+}
 51027 | Zig:15   | Identified the +3 lajatang of the Solstice {flame, SInv}
 51054 | Pan      | Entered Pandemonium
 51054 | Pan      | Noticed Atoxui Onli the pandemonium lord
 51056 | Pan      | Lost mutation: You are strong-willed. (Will+) [a neqoxec]
 51059 | Pan      | Killed Atoxui Onli the pandemonium lord
 51131 | Pan      | Learned a level 1 spell: Apportation
 51281 | Pan      | Found an exit through the horrors of the Abyss.
 51445 | Pan      | Acquired the Compendium of Collective Shades
 51478 | Pan      | Reached skill level 24 in Spellcasting
 51555 | Pan      | Entered the realm of Lom Lobon.
 51747 | Pan      | Reached skill level 15 in Fighting
 51873 | Pan      | Noticed Lom Lobon
 51888 | Pan      | Killed Lom Lobon
 51952 | Pan      | Got a magical rune of Zot
 52148 | Pan      | Noticed Qaom the pandemonium lord
 52156 | Pan      | Killed Qaom the pandemonium lord
 52260 | Pan      | Entered the realm of Cerebov.
 52323 | Pan      | Learned a level 6 spell: Death Channel
 52429 | Pan      | Found the +6 sword of Cerebov {flame}
 52429 | Pan      | Noticed Cerebov
 52530 | Pan      | Learned a level 5 spell: Yara's Violent Unravelling
 52586 | Pan      | Killed Cerebov
 52636 | Pan      | Got a fiery rune of Zot
 52656 | Pan      | Identified the +3 orcbow of Hoimuri {heavy, rC+ rN+ SInv}
 52675 | Pan      | Identified the staff of the Vanishing Knives {rN+ MP-9
                  | Str+7 Int+5 Necro}
 52768 | Pan      | Entered the realm of Mnoleg.
 52868 | Pan      | Reached skill level 1 in Hexes
 52890 | Pan      | Found an exit through the horrors of the Abyss.
 53147 | Pan      | Noticed Mnoleg
 53157 | Pan      | Killed Mnoleg
 53335 | Pan      | Reached skill level 25 in Spellcasting
 53346 | Pan      | Got a glowing rune of Zot
 53464 | Pan      | Entered the realm of Gloorx Vloq.
 53616 | Pan      | Reached skill level 5 in Hexes
 53732 | Pan      | Reached skill level 10 in Stealth
 53791 | Pan      | Noticed Gloorx Vloq
 53803 | Pan      | Killed Gloorx Vloq
 53873 | Pan      | Got a dark rune of Zot
 53974 | Pan      | Noticed Ytzapp the pandemonium lord
 53980 | Pan      | Killed Ytzapp the pandemonium lord
 54016 | Pan      | Got a demonic rune of Zot
 54093 | Pan      | Identified the storm talisman "Jarchenup" {rC++ rN+ Will-
                  | Int-2}
 54135 | Pan      | Reached skill level 10 in Dodging
 54296 | Pan      | Reached skill level 10 in Evocations
 54679 | Pan      | Noticed Welypp the pandemonium lord
 54680 | Pan      | Found an exit through the horrors of the Abyss.
 54714 | Pan      | Killed Welypp the pandemonium lord
 54726 | Pan      | Took an exit into the Abyss.
 54726 | Abyss:1  | Escaped into the Abyss
 54756 | Abyss:1  | Found an opulent altar of Gozag.
 55024 | Abyss:1  | Reached skill level 26 in Spellcasting
 55070 | Abyss:1  | Found a corrupted altar of Lugonu.
 55078 | Abyss:1  | Found a corrupted altar of Lugonu.
 55078 | Abyss:1  | Found a corrupted altar of Lugonu.
 55195 | Abyss:2  | Found a corrupted altar of Lugonu.
 55272 | Abyss:2  | Found a corrupted altar of Lugonu.
 55284 | Abyss:2  | Found a corrupted altar of Lugonu.
 55323 | Abyss:2  | Noticed an ancient lich
 55325 | Abyss:2  | Killed an ancient lich
 55331 | Abyss:2  | Found a corrupted altar of Lugonu.
 55406 | Abyss:4  | Found an ornate altar of the Wu Jian Council.
 55422 | Abyss:4  | Got an abyssal rune of Zot
 55546 | Depths:3 | Escaped the Abyss
 55616 | Hell     | Entered the Vestibule of Hell
 55616 | Hell     | Noticed Geryon
 55622 | Hell     | Killed Geryon
 55746 | Hell     | Found a gateway to the Iron City of Dis.
 55764 | Dis:1    | Entered Level 1 of the Iron City of Dis
 55769 | Dis:1    | Noticed a dread lich
 55773 | Dis:1    | Killed a dread lich
 55916 | Dis:2    | Noticed a dread lich
 55918 | Dis:2    | Killed a dread lich
 55997 | Dis:4    | Lost mutation: You occasionally lose the ability to drink
                  | potions when taking damage. [potion of mutation]
 55997 | Dis:4    | Lost mutation: Your flesh is heat resistant. (rF+) [potion
                  | of mutation]
 55997 | Dis:4    | Lost mutation: You sometimes lose your temper in combat.
                  | [potion of mutation]
 55997 | Dis:4    | Gained mutation: Your magical capacity is low. (-10% MP)
                  | [potion of mutation]
 55997 | Dis:4    | Gained mutation: Your spells are a little harder to cast,
                  | but a little more powerful. [potion of mutation]
 55998 | Dis:4    | Lost mutation: Your magical capacity is low. (-10% MP)
                  | [potion of mutation]
 55998 | Dis:4    | Lost mutation: Your spells are a little harder to cast, but
                  | a little more powerful. [potion of mutation]
 55998 | Dis:4    | Gained mutation: You are frail. (-10% HP) [potion of
                  | mutation]
 55999 | Dis:4    | Lost mutation: You are frail. (-10% HP) [potion of
                  | mutation]
 55999 | Dis:4    | Gained mutation: Your mind is acute. (Int +4, Str/Dex -1)
                  | [potion of mutation]
 55999 | Dis:4    | Gained mutation: Your muscles are strong. (Str +4, Int/Dex
                  | -1) [potion of mutation]
 56089 | Dis:4    | Noticed a dread lich
 56091 | Dis:4    | Killed a dread lich
 56105 | Dis:4    | Found a huge runed translucent gate.
 56105 | Dis:4    | Found a huge runed translucent gate.
 56105 | Dis:4    | Found a huge runed translucent gate.
 56105 | Dis:4    | Found a huge runed translucent gate.
 56105 | Dis:4    | Found a huge runed translucent gate.
 56105 | Dis:4    | Found a huge runed translucent gate.
 56179 | Dis:6    | Reached skill level 27 in Spellcasting
 56247 | Dis:7    | Entered Level 7 of the Iron City of Dis
 56642 | Dis:7    | Noticed a juggernaut
 56646 | Dis:7    | Killed a juggernaut
 56684 | Dis:7    | Noticed a dread lich
 56688 | Dis:7    | Killed a dread lich
 56943 | Dis:7    | Noticed Dispater
 56945 | Dis:7    | Noticed a juggernaut
 56948 | Dis:7    | Killed a juggernaut
 56955 | Dis:7    | Killed Dispater
 56970 | Dis:7    | Found the +7 captain's cutlass {speed, disarm}
 57009 | Dis:7    | Got an iron rune of Zot
 57098 | Hell     | Found a gateway to the ashen valley of Gehenna.
 57144 | Geh:1    | Entered Level 1 of Gehenna
 57338 | Geh:3    | You fall into a shaft and drop 2 floors!
 57453 | Geh:7    | Entered Level 7 of Gehenna
 57676 | Geh:7    | Reached skill level 10 in Translocations
 57960 | Geh:7    | Found the +13 sceptre of Asmodeus
 57960 | Geh:7    | Noticed Asmodeus
 57988 | Geh:7    | Killed Asmodeus
 58004 | Geh:7    | Got an obsidian rune of Zot
 58080 | Hell     | Found a gateway to the freezing wastes of Cocytus.
 58096 | Coc:1    | Entered Level 1 of Cocytus
 58352 | Coc:6    | Paralysed by a wendigo for 1 turns
 58393 | Coc:7    | Entered Level 7 of Cocytus
 58515 | Coc:7    | Identified the ring of the Scarab {rPois rCorr Str+5
                  | Stlth-}
 58515 | Coc:7    | Noticed Antaeus
 58535 | Coc:7    | Noticed the Serpent of Hell
 58537 | Coc:7    | Killed Antaeus
 58541 | Coc:7    | Killed the Serpent of Hell
 58570 | Coc:7    | Got an icy rune of Zot
 58571 | Coc:7    | Identified the +7 short sword "Faxode" {flame, rPois rF++
                  | MP+9 Str-3}
 58605 | Coc:7    | Identified the +0 ring mail "Nutobimm" {+Inv rElec rF+}
 58621 | Coc:7    | Reached skill level 15 in Translocations
 58662 | Hell     | Found a gateway to the decaying netherworld of Tartarus.
 58810 | Tar:1    | Entered Level 1 of Tartarus
 59067 | D:15     | Bought a sack of spiders for 1200 gold pieces
 59335 | Tar:3    | You fall into a shaft and drop 2 floors!
 59609 | Tar:7    | Entered Level 7 of Tartarus
 59809 | Tar:7    | Noticed Ereshkigal
 59815 | Tar:7    | Reached skill level 15 in Evocations
 59815 | Tar:7    | Killed Ereshkigal
 59824 | Tar:7    | Got a bone rune of Zot
 59957 | Zot:1    | Entered Level 1 of the Realm of Zot
 60325 | Zot:5    | Entered Level 5 of the Realm of Zot
 60645 | Zot:5    | Got a prismatic gem with 139 turns to spare
 60652 | Zot:5    | Noticed a dread lich
 60654 | Zot:5    | Killed a dread lich
 60662 | Zot:5    | Reached skill level 15 in Dodging
 60704 | Zot:5    | Noticed an orb of fire
 60708 | Zot:5    | Killed an orb of fire
 60764 | Zot:5    | Noticed an orb of fire
 60771 | Zot:5    | Killed an orb of fire
 60791 | Zot:5    | Noticed an ancient lich
 60794 | Zot:5    | Killed an ancient lich
 60798 | Zot:5    | Noticed an ancient lich
 60801 | Zot:5    | Killed an ancient lich
 60831 | Zot:5    | Got the Orb of Zot
 60874 | Zot:5    | Noticed a seraph
 61108 | D:13     | Learned a level 3 spell: Passwall
 61292 | D:$      | Escaped with the Orb!

Illustrated notes

Levels and vault maps discovered:
D:1:      ncdulo_watergridlock, layout_loops_ring,
          shapermc_ecumenical_altar_notcrosses, roderic_roman_lattice,
          minmay_misc_feat_square
D:2:      layout_basic, basic_altar
D:3:      layout_loops_ring, old_standard_altar
D:4:      layout_basic, uniq_pikel, uniq_ijyb
D:5:      layout_basic, nicolae_qazlal_general_emergency,
          minmay_misc_feat_ornament, corexii_mini_fake_secret_closet,
          eino_tiny_chamber
D:6:      layout_loops_ring, kennysheep_vampire_church, temple_doors_cd,
          gammafunk_ghost_cemetery, minmay_quadrilaterals
D:7:      layout_basic, nicolae_ashenzari_skybound, serial_corexii_hall,
          corexii_hall_statues_deadend, corexii_hall_statues_i
D:8:      layout_loops_ring
D:9:      cheibrodos_iron_armory, layout_gridville, mainiacjoe_overflow_swirl,
          minmay_st_funbox, uniq_psyche
D:10:     layout_roguey, minmay_lair_entry_grove, serial_bayou,
          serial_bayou_ford_a, serial_bayou_shore_a, serial_bayou_crossing,
          serial_bayou_pond_a, minmay_circle_x
D:11:     layout_basic, xom_redecorated, uniq_fannar
D:12:     layout_loops_ring, orc_0_dummy,
          portal_ice_cave_entry_animals_and_master, minivault_8, uniq_lodul
D:13:     layout_loops_ring, gauntlet_entry_generic
D:14:     layout_cave_pools, hellmonk_vaults_keyhole, serial_glass,
          glass_columns_b, glass_columns_c
D:15:     hangedman_spin_cycle, uniq_jorgrun, uniq_azrael
Temple:   eino_temple_scatter_basement
Lair:1:   layout_regular_city, grunt_megastairs_1, uniq_maggie
Lair:2:   layout_cave_pods, beast_lair_carwin_3, lemuel_fruit_tree,
          grunt_megastairs_3
Lair:3:   layout_roguey, nicolae_swamp_entry_splash_gauntlet,
          minmay_snake_entry_spellcaster, ebering_ghost_xom,
          beast_lair_carwin_2, grunt_megastairs_5
Lair:4:   layout_cellular_growth, dpeg_slime_entry_enclosed, dreamdust_wasp_nest
Lair:5:   wormcave, layout_regular_city, hangedman_lair_caniforms_friends,
          gammafunk_lair_bear_cave
Swamp:1:  layout_basic_swamp, nicolae_swamp_some_circles
Swamp:2:  layout_falls_marsh, evilmike_swamp_ruin_house_1, swamp_pool_1_2,
          nicolae_swamp_bloodsuckers_inc
Swamp:3:  layout_falls_marsh, evilmike_swamp_ruin_rubble_2, swamp_pool_4,
          nicolae_swamp_spriggan_camp, uniq_louise, uniq_mara, uniq_nikola
Swamp:4:  swamp, layout_basic_swamp, swamp_pool_1_2
Snake:1:  layout_basic, nicolae_shop_clearance, uniq_aizul, uniq_mlioglotl,
          uniq_rupert
Snake:2:  layout_onion_interference, basic_altar
Snake:3:  layout_cave_town, minmay_shop_grove
Snake:4:  grunt_snake_rune_spirals, layout_onion, nicolae_snake_lava_pool,
          serial_bayou_shore_b
Slime:1:  layout_caves
Slime:2:  layout_caves
Slime:3:  layout_caves
Slime:4:  layout_caves
Slime:5:  slime_pit_nicolae_block_by_block
Orc:1:    layout_diamond_mine, gammafunk_ghost_stat_death, uniq_sonja
Orc:2:    st_orc_congregation, layout_diamond_mine
Elf:1:    eino_elf_arrival_the_gate, layout_gridlike, nicolae_elf_crossing_hall,
          nicolae_elf_v_pinch
Elf:2:    nicolae_elf_blades_crystal_corner, layout_onion_city, serial_shops,
          shop, serial_glass, glass_columns_c, glass_columns_b, uniq_norris
Elf:3:    minmay_elf_hall, layout_rooms, nicolae_rare_books
Vaults:1: portal_desolation_entry_nicolae_nacl, vaults_room_corners,
          v_pattern_3, ontoclasm_vaults_idyll, st_smaller_cells,
          nicolae_vaults_trapezoid_lopsided_4, v_misc_23,
          nicolae_vaults_cochlea, nicolae_vaults_two_Ls, layout_vaults_quadrants
Vaults:2: nicolae_vaults_c_with_doors, nicolae_vaults_six-pack,
          nicolae_vaults_little_ls, nicolae_vaults_little_squares_5,
          vaults_standard_mumra_x, nicolae_vaults_trapezoid_lopsided_1,
          nicolae_vaults_variable_pillar_hall, v_misc_9,
          vaults_standard_mumra_lines, vaults_dpeg_spiral,
          ontoclasm_vaults_bender, nicolae_vaults_mini_display_case,
          nicolae_vaults_house_1, layout_vaults_maze_bifur, serial_shops, shop
Vaults:3: minmay_crypt_entry_simple_walls, nicolae_vaults_storage_closets_1,
          nicolae_vaults_specimen_jars, nicolae_vaults_network_star,
          vaults_room_door_ring, hangedman_vaults_locks,
          nicolae_vaults_asterisk, nicolae_vaults_closet_pinwheel_2,
          vaults_dpeg_cross, nicolae_vaults_cochlea, layout_vaults_ring,
          uniq_mennas
Vaults:4: biasface_ghost_orc_armoury, dpeg_vaults_pockets_of_resistance,
          v_misc_13, hangedman_vaults_stitches, vaults_mumra_hex,
          v_alt_pattern_2, nicolae_vaults_turnstiles,
          nicolae_vaults_taking_the_gang_shopping, serial_ice_h,
          layout_vaults_omnicross, uniq_donald, uniq_margery
Vaults:5
Crypt:1:  layout_chaotic_city, grunt_ministairs_13, uniq_bai_suzhen
Crypt:2:  layout_chaotic_city
Crypt:3:  quadcrypt_mu, uniq_vv
Tomb:1
Tomb:2
Tomb:3
Depths:1: layout_gridville, hell_entry, nicolae_two_hexagons, enter_trove_5,
          grunt_ministairs_12, fedhas_altar_2
Depths:2: minmay_angry_zag, layout_small_grid, rand_demon_pan_entry_4,
          nicolae_wwwww, abyss_entry, hell_entry,
          infiniplex_staircase_pillars_1, uniq_grunn, uniq_boris
Depths:3: minmay_bubble_buster, layout_cave_pools, enter_ziggurat_e,
          hangedman_abyss_entry_splay, grunt_hell_entry_dis_grunt, pan_entry,
          minmay_misc_feat_alley, nicolae_shop_firing_range, uniq_xtahua,
          uniq_enchantress, uniq_parghit
Depths:4: evilmike_zot_entry_round, layout_long_grid, abyss_entry_crystal,
          rand_demon_pan_entry_3, pf_coc_iceberg
Hell
Dis:1:    layout_gridville, special_room [special_room_morgue]
Dis:2:    layout_regular_city
Dis:3:    layout_overlapping_boxes
Dis:4:    layout_jigsaw, door_vault
Dis:5:    layout_jigsaw
Dis:6:    layout_jigsaw
Dis:7:    dis_hangedman
Geh:1:    layout_gehenna_lava_caves
Geh:2:    nicolae_geh_split_lavaduct, layout_gehenna_pools_box
Geh:3:    layout_gehenna_lava_caves
Geh:5:    layout_gehenna_pools_basic
Geh:6:    layout_gehenna_pools_basic
Geh:7:    evilmike_geh
Coc:1:    layout_cocytus_delve
Coc:2:    layout_cocytus_water_paths
Coc:3:    layout_ice_bergs
Coc:4:    layout_ice_bergs
Coc:5:    layout_cocytus_delve
Coc:6:    layout_cocytus_delve, nicolae_coc_icebean_singular
          [nicolae_sub_coc_subbean]
Coc:7:    coc_mu
Tar:1:    layout_cathedral_of_symmetry, nicolae_tar_cuneiform_not
Tar:2:    layout_grid_maze
Tar:3:    layout_grid_maze, nicolae_tar_cuneiform_two, nicolae_tar_grid_combs
Tar:5:    layout_honeycomb, nicolae_tar_honey_rotating
Tar:6:    layout_honeycomb
Tar:7:    tar_mu [tar_mu_maze]
Zot:1:    regret_index_zot_pan_timeshare, layout_cellular_growth,
          skrybe_zot_glass_2
Zot:2:    layout_gridlike, zot_minivault_3
Zot:3:    layout_concentric_octagons
Zot:4:    gammafunk_mikee_crab_dinner, layout_cathedral_of_symmetry
Zot:5:    layout_misc_corridors

Skill      XL: |  1  2  3  4  5  6  7  8  9 10 11 12 13 14 15 16 17 18 19 20 21 22 23 24 25 26 27 |
---------------+----------------------------------------------------------------------------------+-----
Fighting       | 1 3 5 6 8 26 | 26.4
Alchemy        | 4 5 7 |  7.5
Spellcasting   | 3 5 6 8 10 11 13 14 16 17 18 19 20 21 22 23 27 | 27.0
Fire Magic     | 1 3 5 6 7 13 14 15 16 17 18 19 20 21 | 21.2
Conjurations   | 4 7 9 11 13 14 16 17 18 19 20 21 22 25 | 25.3
Ice Magic      | 3 |  3.0
Air Magic      | 3 7 8 9 11 14 18 19 | 19.0
Earth Magic    | 3 5 10 22 | 22.6
Armour         | 2 4 5 6 |  6.0
Shields        | 4 5 6 8 |  8.0
Summonings     | 4 6 |  6.0
Evocations     | 1 4 8 15 | 15.0
Dodging        | 2 4 6 15 | 15.0
Stealth        | 4 5 10 | 10.0
Necromancy     | 18 | 18.6
Translocations | 15 | 15.7
Hexes          | 5 |  5.0

Action                     |  1- 3 |  4- 6 |  7- 9 | 10-12 | 13-15 | 16-18 | 19-21 | 22-24 | 25-27 || total
---------------------------+-------+-------+-------+-------+-------+-------+-------+-------+-------++-------
  Melee: Unarmed           |     8 |    19 |     9 |       |       |       |       |       |       ||    36
         War axe           |       |       |    51 |     6 |       |       |       |       |       ||    57
         Punch             |       |       |     1 |     1 |       |       |       |       |       ||     2
         Spear             |       |       |       |    21 |       |       |       |       |       ||    21
         Hand axe          |       |       |       |    21 |    15 |     2 |       |       |       ||    38
         Constrict         |       |       |       |       |    11 |     6 |     3 |     1 |     7 ||    28
         Lance             |       |       |       |       |    36 |     6 |       |       |       ||    42
         Staff             |       |       |       |       |       |     4 |     7 |     7 |    19 ||    37
  Throw: Dart              |       |     1 |     1 |       |     1 |       |       |       |     3 ||     6
   Cast: Sting             |    43 |    40 |    20 |     2 |       |       |       |       |       ||   105
         Olgreb's Toxic Ra |       |     4 |    25 |    61 |   147 |    20 |    27 |     4 |       ||   288
         Sticky Flame      |       |     2 |    25 |    37 |    18 |    16 |       |       |       ||    98
         Ignite Poison     |       |       |     3 |    45 |   110 |    16 |    24 |     4 |       ||   202
         Mephitic Cloud    |       |       |       |    16 |    13 |     6 |     4 |     1 |       ||    40
         Freezing Cloud    |       |       |       |     3 |    68 |    97 |    40 |     1 |       ||   209
         Stone Arrow       |       |       |       |       |   188 |   150 |    93 |    17 |       ||   448
         Fulminant Prism   |       |       |       |       |    13 |    23 |    24 |     5 |       ||    65
         Ignition          |       |       |       |       |     3 |    34 |    49 |    21 |     8 ||   115
         Orb of Destructio |       |       |       |       |       |   119 |   105 |    75 |     5 ||   304
         Irradiate         |       |       |       |       |       |     2 |     9 |       |     3 ||    14
         Spellforged Servi |       |       |       |       |       |    33 |   112 |    43 |   121 ||   309
         Fire Storm        |       |       |       |       |       |       |       |   148 |  1024 ||  1172
         Lehudib's Crystal |       |       |       |       |       |       |       |     2 |   312 ||   314
         Sublimation of Bl |       |       |       |       |       |       |       |       |   376 ||   376
         Chain Lightning   |       |       |       |       |       |       |       |       |   295 ||   295
         Shatter           |       |       |       |       |       |       |       |       |   157 ||   157
         Passage of Golubr |       |       |       |       |       |       |       |       |    50 ||    50
         Apportation       |       |       |       |       |       |       |       |       |    34 ||    34
         Passwall          |       |       |       |       |       |       |       |       |     8 ||     8
         Yara's Violent Un |       |       |       |       |       |       |       |       |     7 ||     7
         Blink             |       |       |       |       |       |       |       |       |     6 ||     6
         Death Channel     |       |       |       |       |       |       |       |       |     4 ||     4
Ability: Spit Poison       |    32 |    28 |    10 |     1 |       |       |       |       |       ||    71
         Breathe Poison Ga |       |       |       |     2 |       |       |       |       |       ||     2
  Evoke: Wand              |       |     1 |       |     2 |       |       |       |     2 |    22 ||    27
         Phial of floods   |       |       |       |       |       |       |       |       |     1 ||     1
         Phantom mirror    |       |       |       |       |       |       |       |       |     1 ||     1
    Use: Scroll            |       |     5 |     2 |     4 |    10 |     8 |     4 |     5 |    31 ||    69
         Potion            |       |       |     3 |     2 |       |     1 |       |     6 |    26 ||    38
   Stab: Sleeping          |       |       |     1 |       |     1 |       |       |       |       ||     2
 Armour: Robe              |    27 |    24 |    17 |    60 |   195 |   267 |   184 |       |       ||   774
         Steam dragon scal |       |       |    76 |    46 |       |       |       |       |       ||   122
         Troll leather arm |       |       |       |       |       |       |    34 |   139 |   593 ||   766
  Dodge: Dodged            |    16 |    18 |    71 |    74 |    84 |    64 |    49 |    22 |   110 ||   508
  Block: Buckler           |       |       |       |       |       |    33 |    37 |    27 |   121 ||   218
